Workbook

Sheet P.O. (2)
A1: PREFEITURA MUNICIPAL Secretaria de Obras e Serviços Urbanos | O1: 1
O2: 2
O3: 3
A4: ANEXO IX - OBRA POR EXECUÇÃO INDIRETA | O4: 4
A5: Setor requisitante: Secretaria Municipal de Obras e Serviços Urbanos | O5: 5
A6: Objeto: | D6: Construção de nova cozinha na Fazenda da Vargem em Nova Era/MG | G6: BDI: | H6: =BDI!J27 -> 0.3141 | I6: =TODAY() -> 44818 | O6: 6
O7: 7
A8: PLANILHA ORÇAMENTÁRIA | O8: 8
A9: Item | B9: Preço Referência | C9: Fonte | D9: Descrição | E9: Qtde. | F9: Unidade | G9: Preço unitário sem BDI | H9: Preço unitário com BDI | I9: P. Total | O9: 9
A10: 1 | D10: MOBILIZAÇÃO, DESMOBILIZAÇÃO | O10: 10
A11: =$A$10&"."&O1 -> 1.1 | B11: ED-50392 | C11: SETOP (JUN/2022) | D11: Mobilização e desmobilização de obra - para obras até o valor de R$1.000.000,00 - 0,5% do custo direto da obra | E11: =M.C.!J17 -> 1 | F11: VB | H11: =(G11+(G11*H6)) -> 0 | I11: =H11*E11 -> 0 | O11: 11
A12: ="SUB-TOTAL (Item "&A10&"):" -> SUB-TOTAL (Item 1): | I12: =SUM(I11) -> 0 | O12: 12
A13: 2 | D13: CANTEIRO DE OBRAS | O13: 13
A14: =$A$13&"."&O1 -> 2.1 | B14: ED-50152 | C14: SETOP (JUN/2022) | D14: Fornecimento e colocação de placa de obra em chapa galvanizada (3,00 x 1,50 m) - incluindo dispositivos de fixação, chapa galvanizada 0,26, estrutura metálica viga U 2" enrijecida com metalon 20 x 20, suporte em eucalipto autoclavado, conforme modelo da Prefeitura | E14: =M.C.!J22 -> 1 | F14: UN | H14: =(G14+(G14*$H$6)) -> 0 | I14: =E14*H14 -> 0 | O14: 14
A15: ="SUB-TOTAL (Item "&A13&"):" -> SUB-TOTAL (Item 2): | I15: =SUM(I14:I14) -> 0 | O15: 15
A16: 3 | D16: ADMINISTRAÇÃO LOCAL | O16: 16
A17: =$A$16&"."&O1 -> 3.1 | B17: CO-27348 | C17: SETOP (JUN/2022) | D17: Engenheiro/Arquiteto Junior | E17: =M.C.!J27 -> 9.9 | F17: H | H17: =(G17+(G17*$H$6)) -> 0 | I17: =E17*H17 -> 0 | O17: 17
A18: =$A$16&"."&O2 -> 3.2 | B18: ED-21776 | C18: SETOP (JUN/2022) | D18: Encarregado geral de obras com encargos complementares | E18: =M.C.!J31 -> 1.5 | F18: MÊS | H18: =(G18+(G18*$H$6)) -> 0 | I18: =E18*H18 -> 0 | O18: 18
A19: ="SUB-TOTAL (Item "&A16&"):" -> SUB-TOTAL (Item 3): | I19: =SUM(I17:I18) -> 0 | O19: 19
A20: 4 | D20: ESTRUTURAS DE CONCRETO
A21: =$A$20&"."&O1 -> 4.1 | B21: =CPU!A10 -> Comp - 001 | C21: =CPU!A10 -> Comp - 001 | D21: Execução de laje pré-moldada, sc = 300 Kg/m², para vão até 4 metros, inclusive capeamento em concreto não estrutural esp = 4cm, armadura de distribuição em tela soldada Ø6,3mm malha 15x15cm, corte, dobra e montagem de armadura negativa em aço CA - 50, fornecimento e lançamento, adensamento e acabamento de concreto estrutural, usinado, bombeado, Fck = 25MPa com espessura de até 15cm e escoramento metálico com altura de até 4,50 metros, inclusive fornecimento, montagem, desmontagem e carga. | E21: =M.C.!J36 -> 9.3 | F21: M2 | H21: =(G21+(G21*$H$6)) -> 0 | I21: =E21*H21 -> 0
A22: =$A$20&"."&O2 -> 4.2 | B22: =CPU!A20 -> Comp - 002 | C22: =CPU!A20 -> Comp - 002 | D22: Execução de pilar em concreto estrutural usinado, Fck= 25 MPa, inclusive fornecimento, lançamento e adensamento e acabamento, corte, dobre e montagem de armação em aço CA-50/60, forma e desforma de tábua e sarrafo com aproveitamento de (5x), inclusive escoramento. | E22: =M.C.!J40 -> 0.32 | F22: M3 | H22: =(G22+(G22*$H$6)) -> 0 | I22: =E22*H22 -> 0
A23: =$A$20&"."&O3 -> 4.3 | B23: ED-50850 | C23: SETOP (JUN/2022) | D23: Viga de 0,21 a 0,35 m de largura em concreto 20 MPa, aparente, armação, forma plastificada, escoramento e desforma | E23: =M.C.!J47 -> 0.72 | F23: M3 | H23: =(G23+(G23*$H$6)) -> 0 | I23: =E23*H23 -> 0
A24: =$A$20&"."&O4 -> 4.4 | B24: =CPU!A27 -> Comp - 003 | C24: =CPU!A27 -> Comp - 003 | D24: Execução de fundação tipo sapata ou tubulão, inclusive corte, dobra e montagem de aço CA-50/60, fornecimento, lançamento e adensamento de concreto estrutural usinado, Fck= 25MPa, escavação manual com profundidade até 3,00 metros, reaterro e compactação manual | E24: =M.C.!J51 -> 1.6 | F24: M3 | H24: =(G24+(G24*$H$6)) -> 0 | I24: =E24*H24 -> 0
A25: =$A$20&"."&O5 -> 4.5 | B25: =CPU!A35 -> Comp - 004 | C25: =CPU!A35 -> Comp - 004 | D25: Execução de viga baldrame, inclusive corte, dobra e montagem de aço CA-50/60, fornecimento, lançamento e adensamento de concreto estrutural usinado, Fck= 25MPa, escavação manual com profundidade até 1,50 metros, e apiloamento de fundo de vala | E25: =M.C.!J58 -> 0.72 | F25: M3 | H25: =(G25+(G25*$H$6)) -> 0 | I25: =E25*H25 -> 0
A26: =$A$20&"."&O6 -> 4.6 | B26: ED-49812 | C26: SETOP (JUN/2022) | D26: Lastro de concreto magro, inclusive transporte, lançamento e adensamento | E26: =M.C.!J65 -> 0.12 | F26: M3 | H26: =(G26+(G26*$H$6)) -> 0 | I26: =E26*H26 -> 0
A27: =$A$20&"."&O7 -> 4.7 | B27: ED-48219 | C27: SETOP (JUN/2022) | D27: Alvenaria de bloco de concreto cheio sem armação, em concreto com Fck de 20MPa, esp. 14cm, para revestimento, inclusive argamassa para assentamento | E27: =M.C.!J70 -> 1.08 | F27: M2 | H27: =(G27+(G27*$H$6)) -> 0 | I27: =E27*H27 -> 0
A28: =$A$20&"."&O8 -> 4.8 | B28: ED-48201 | C28: SETOP (JUN/2022) | D28: Alvenaria estrutural com bloco de concreto, esp. 14cm (Fbk 4,5Mpa), com acabamento aparente, inclusive argamassa para assentamento | E28: =M.C.!J81 -> 36.74 | F28: M2 | H28: =(G28+(G28*$H$6)) -> 0 | I28: =E28*H28 -> 0
A29: ="SUB-TOTAL (Item "&A20&"):" -> SUB-TOTAL (Item 4): | I29: =SUM(I21:I28) -> 0
A30: 5 | D30: PISO
A31: =$A$30&"."&O1 -> 5.1 | B31: ED-50568 | C31: SETOP (JUN/2022) | D31: Contrapiso desempenado com argamassa, traço 1:3 (cimento e areia), esp. 30mm | E31: =M.C.!J86 -> 7.56 | F31: M2 | H31: =(G31+(G31*$H$6)) -> 0 | I31: =E31*H31 -> 0
A32: =$A$30&"."&O2 -> 5.2 | B32: ED-50552 | C32: SETOP (JUN/2022) | D32: Piso cimento natado com argamassa, traço 1:3 (cimento e areia), esp. 20mm, acabamento queimado, sem junta de dilatação | E32: =M.C.!J90 -> 7.56 | F32: M2 | H32: =(G32+(G32*$H$6)) -> 0 | I32: =E32*H32 -> 0
A33: =$A$30&"."&O3 -> 5.3 | B33: ED-50517 | C33: SETOP (JUN/2022) | D33: Pintura a base de resina de silicone em concreto ou alvenaria aparente, duas (2) demãos | E33: =M.C.!J94 -> 7.56 | F33: M2 | H33: =(G33+(G33*$H$6)) -> 0 | I33: =E33*H33 -> 0
A34: =$A$30&"."&O4 -> 5.4 | B34: ED-50621 | C34: SETOP (JUN/2022) | D34: Sóculo com enchimento em tijolos maciços, altura de 10cm à 12cm, inclusive acabamento final em argamassa, esp. 20mm, aplicação manual | E34: =M.C.!J99 -> 1.97 | F34: M2 | H34: =(G34+(G34*$H$6)) -> 0 | I34: =E34*H34 -> 0
A35: =$A$30&"."&O5 -> 5.5 | B35: ED-51002 | C35: SETOP (JUN/2022) | D35: Soleira de granito cinza andorinha E= 2cm | E35: =M.C.!J103 -> 0.14 | F35: M2 | H35: =(G35+(G35*$H$6)) -> 0 | I35: =E35*H35 -> 0
A36: ="SUB-TOTAL (Item "&A30&"):" -> SUB-TOTAL (Item 5): | I36: =SUM(I31:I35) -> 0
A37: 6 | D37: REVESTIMENTOS
A38: =$A$37&"."&O1 -> 6.1 | B38: 87878 | C38: SINAPI (JUL/2022) | D38: Chapisco aplicado em alvenarias e estruturas de concreto, com colher de pedreiro, argamassa traço 1:3 de cimento e areia, preparo manual | E38: =M.C.!J112 -> 28.54 | F38: M2 | H38: =(G38+(G38*$H$6)) -> 0 | I38: =E38*H38 -> 0
A39: =$A$37&"."&O2 -> 6.2 | B39: ED-50730 | C39: SETOP (JUN/2022) | D39: Chapisco com argamassa, traço 1:2:3 (cimento, areia e pedrisco), aplicado com colher, esp. 5mm, preparo mecânico | E39: =M.C.!J122 -> 36.29 | F39: M2 | H39: =(G39+(G39*$H$6)) -> 0 | I39: =E39*H39 -> 0
A40: =$A$37&"."&O3 -> 6.3 | B40: 87528 | C40: SINAPI (JUL/2022) | D40: Emboço, para recebimento de cerâmica, em argamassa traço 1:2:8, preparo manual, aplicado manualmente em faces internas de paredes, para ambiente com área menor que 5m2, espessura de 20mm, com execução de taliscas | E40: =M.C.!J130 -> 16.16 | F40: M2 | H40: =(G40+(G40*$H$6)) -> 0 | I40: =E40*H40 -> 0
A41: =$A$37&"."&O4 -> 6.4 | B41: ED-50761 | C41: SETOP (JUN/2022) | D41: Reboco com argamassa, traço 1:2:8 (cimento cal e areia), esp. 20mm, aplicação manual, preparo mecânico | E41: =M.C.!J138 -> 12.44 | F41: M2 | H41: =(G41+(G41*$H$6)) -> 0 | I41: =E41*H41 -> 0
A42: =$A$37&"."&O5 -> 6.5 | B42: ED-50717 | C42: SETOP (JUN/2022) | D42: Revestimento com azulejo branco (20x20cm), junta a prumo, assentamento com argamassa industrializada, inclusive rejuntamento | E42: =M.C.!J145 -> 14.32 | F42: M2 | H42: =(G42+(G42*$H$6)) -> 0 | I42: =E42*H42 -> 0
A43: ="SUB-TOTAL (Item "&A37&"):" -> SUB-TOTAL (Item 6): | I43: =SUM(I38:I42) -> 0
A44: 7 | D44: ESQUADRIAS
A45: =$A$44&"."&O1 -> 7.1 | B45: ED-9904 | C45: SETOP (JUN/2022) | D45: Verga em concreto estrutural para vãos de até 150cm, preparado em obra com betoneira, controle "A", com Fck 20Mpa, moldado in loco, inclusive armação | E45: =M.C.!J151 -> 0.05 | F45: M3 | H45: =(G45+(G45*$H$6)) -> 0 | I45: =E45*H45 -> 0
A46: =$A$44&"."&O2 -> 7.2 | B46: ED-9903 | C46: SETOP (JUN/2022) | D46: Contraverga em concreto estrutural para vãos de até 150cm, preparado em obra com betoneira, controle "A", com Fck 20Mpa, moldado in loco, inclusive armação | E46: =M.C.!J155 -> 0.02 | F46: M3 | H46: =(G46+(G46*$H$6)) -> 0 | I46: =E46*H46 -> 0
A47: =$A$44&"."&O3 -> 7.3 | B47: ED-50964 | C47: SETOP (JUN/2022) | D47: Fornecimento e assentamento de janela de alumínio, linha suprema, acabamento anodizado, tipo maxim-ar com contramarco, inclusive fornecimento de vidro liso de 4mm, ferragens e acessórios | E47: =M.C.!J159 -> 1.28 | F47: M2 | H47: =(G47+(G47*$H$6)) -> 0 | I47: =E47*H47 -> 0
A48: =$A$44&"."&O4 -> 7.4 | B48: ED-7576 | C48: SETOP (JUN/2022) | D48: Fornecimento e assentamento de porta em alumínio, tipo veneziana, de abrir, acabamento anodizado natural, inclusive fechadura e marco | E48: =M.C.!J163 -> 1.89 | F48: M2 | H48: =(G48+(G48*$H$6)) -> 0 | I48: =E48*H48 -> 0
A49: ="SUB-TOTAL (Item "&A44&"):" -> SUB-TOTAL (Item 7): | I49: =SUM(I45:I48) -> 0
A50: 8 | D50: COBERTURA
A51: =$A$50&"."&O1 -> 8.1 | B51: ED-48430 | C51: SETOP (JUN/2022) | D51: Cobertura em telha metálica galvanizada trapezoidal, dupla com tratamento anti-chama | E51: =M.C.!J168 -> 7.56 | F51: M2 | H51: =(G51+(G51*$H$6)) -> 0 | I51: =E51*H51 -> 0
A52: =$A$50&"."&O2 -> 8.2 | B52: 92602 | C52: SINAPI (JUL/2022) | D52: Fabricação e instalação de tesoura inteira em aço, vão de 3m, para telha ondulada de fibrocimento, metálica, plástica ou termoacústica, incluso içamento | E52: =M.C.!J172 -> 3 | F52: UN | H52: =(G52+(G52*$H$6)) -> 0 | I52: =E52*H52 -> 0
A53: =$A$50&"."&O3 -> 8.3 | B53: ED-48332 | C53: SETOP (JUN/2022) | D53: Pingadeira com dimensão (20x5)cm, moldado in loco em concreto não estrutural, preparado em obra betoneira, com fck 15Mpa, inclusive lançamento, adensamento, acabamento e armação | E53: =M.C.!J176 -> 11 | F53: M | H53: =(G53+(G53*$H$6)) -> 0 | I53: =E53*H53 -> 0
A54: =$A$50&"."&O4 -> 8.4 | B54: ED-50662 | C54: SETOP (JUN/2022) | D54: Calha em chapa galvanizada, esp. 0,5mm (GSG-26), com desenvolvimento de 40cm, inclusive içamento manual | E54: =M.C.!J180 -> 2.75 | F54: M | H54: =(G54+(G54*$H$6)) -> 0 | I54: =E54*H54 -> 0
A55: ="SUB-TOTAL (Item "&A50&"):" -> SUB-TOTAL (Item 8): | I55: =SUM(I51:I54) -> 0
A56: 9 | D56: PINTURA
A57: 9.1 | B57: 88485 | C57: SINAPI (JUL/2022) | D57: Aplicação manual de fundo selador acrílico em paredes, uma demão | E57: =M.C.!J196 -> 47.23 | F57: M2 | H57: =(G57+(G57*$H$6)) -> 0 | I57: =E57*H57 -> 0
A58: 9.2 | B58: ED-50451 | C58: SETOP (JUN/2022) | D58: Pintura acrílica com tinta tipo "Sherwin Williams Nova Cor Piso", "Coral" ou similar, duas (2) demãos, sobre superfícies com argamassa ou concreto, incluindo lixamento da superfície caso necessário | E58: =M.C.!J211 -> 47.23 | F58: M2 | H58: =(G58+(G58*$H$6)) -> 0 | I58: =E58*H58 -> 0
A59: 9.3 | B59: ED-50525 | C59: SETOP (JUN/2022) | D59: Pintura com verniz acrílico (liquibrilho) em alvenaria ou concreto, duas (2) demãos, inclusive preparação da superfície com lixamento | E59: =M.C.!J221 -> 36.29 | F59: M2 | H59: =(G59+(G59*$H$6)) -> 0 | I59: =E59*H59 -> 0
A60: ="SUB-TOTAL (Item "&A56&"):" -> SUB-TOTAL (Item 9): | I60: =SUM(I57:I59) -> 0
A61: 10 | D61: INSTALAÇÕES ELÉTRICAS
A62: 10.1 | B62: ED-50232 | C62: SETOP (JUN/2022) | D62: Ponto de embutir para uma (1) tomada padrão, três (3) polos (2P+T/10A-250V), com placa 4"x2" de um (1) posto, com eletroduto de pvc rígido roscável, DN 20mm (3/4"), embutido na alvenaria e cabo de cobre flexível, classe 5, isolamento tipo lshf/atox, não halogenado, seção 2,5mm2 (70°C-450/750V), com distância de até dez (10) metros do ponto de derivação, inclusive caixa de ligação, suporte e fixação do eletroduto com enchimento do rasgo na alvenaria/concreto com argamassa | E62: =M.C.!J226 -> 6 | F62: UN | H62: =(G62+(G62*$H$6)) -> 0 | I62: =E62*H62 -> 0
A63: 10.2 | B63: =CPU!A44 -> Comp - 005 | C63: =CPU!A44 -> Comp - 005 | D63: Ponto de embutir para uma (1) tomada padrão, três (3) polos (2P+T/20A-250V), com placa 4"x2" de um (1) posto, com eletroduto de pvc rígido roscável, DN 20mm (3/4"), embutido na alvenaria e cabo de cobre flexível, classe 5, isolamento tipo lshf/atox, não halogenado, seção 2,5mm2 (70°C-450/750V), com distância de até dez (10) metros do ponto de derivação, inclusive caixa de ligação, suporte e fixação do eletroduto com enchimento do rasgo na alvenaria/concreto com argamassa | E63: =M.C.!J230 -> 1 | F63: UN | H63: =(G63+(G63*$H$6)) -> 0 | I63: =E63*H63 -> 0
A64: 10.3 | B64: ED-50227 | C64: SETOP (JUN/2022) | D64: Ponto de embutir para um (1) interruptor simples (10A-250V), com placa 4"x2" de um (1) posto, com eletroduto fexível corrugado, anti-chama, DN 25mm (3/4"), embutido na alvenaria e cabo de cobre flexível, classe 5, isolamento tipo lshf/atox, não halogenado, seção 1,5mm2 (70°C-450/750V), com distância de até dez (10) metros do ponto de derivação, inclusive caixa de ligação, suporte e fixação do eletroduto com enchimento do rasgo na alvenaria/concreto com argamassa | E64: =M.C.!J234 -> 2 | F64: UN | H64: =(G64+(G64*$H$6)) -> 0 | I64: =E64*H64 -> 0
A65: 10.4 | B65: ED-50228 | C65: SETOP (JUN/2022) | D65: Ponto de embutir para uma (1) luminária, com eletroduto de PVC rígido roscável, DN 20mm (3/4"), embutido na laje e cabo de cobre flexível, classe 5, isolamento tipo lshf/atox, não halogenado, seção 1,5mm² (70}C-150//750V), com distância de até cinco (5) metros do ponto de derivação, exclusive lumiária, inclusive caixa de ligação octagonal, suporte e fixação do eletroduto | E65: =M.C.!J238 -> 3 | F65: UN | H65: =(G65+(G65*$H$6)) -> 0 | I65: =E65*H65 -> 0
A66: 10.5 | B66: 97589 | C66: SINAPI (JUL/2022) | D66: Luminária tipo plafon em plástico, de sobrepor com 1 lâmpada fluorescente de 15W, sem reator, fornecimento e instalação | E66: =M.C.!J242 -> 2 | F66: UN | H66: =(G66+(G66*$H$6)) -> 0 | I66: =E66*H66 -> 0
A67: 10.6 | B67: ED-49403 | C67: SETOP (JUN/2022) | D67: Luminária arandela tipo tartaruga, para uma (1) lâmpada fluorescente compacta 20W, fornecimento e instalação, inclusive base e lâmpada | E67: =M.C.!J246 -> 1 | F67: UN | H67: =(G67+(G67*$H$6)) -> 0 | I67: =E67*H67 -> 0
A68: 10.7 | B68: ED-49499 | C68: SETOP (JUN/2022) | D68: Quadro de distribuição para 12 módulos com barramento e chave | E68: =M.C.!J250 -> 1 | F68: UN | H68: =(G68+(G68*$H$6)) -> 0 | I68: =E68*H68 -> 0
A69: 10.8 | B69: 93662 | C69: SINAPI (JUL/2022) | D69: Disjuntor bipolar tipo din, corrente nominal de 20A - Fornecimento e instalação | E69: =M.C.!J254 -> 1 | F69: UN | H69: =(G69+(G69*$H$6)) -> 0 | I69: =E69*H69 -> 0
A70: 10.9 | B70: 93664 | C70: SINAPI (JUL/2022) | D70: Disjuntor bipolar tipo din, corrente nominal de 32A - Fornecimento e instalação | E70: =M.C.!J258 -> 1 | F70: UN | H70: =(G70+(G70*$H$6)) -> 0 | I70: =E70*H70 -> 0
A71: 10.10 | B71: 93654 | C71: SINAPI (JUL/2022) | D71: Disjuntor monopolar din, corrente nominal de 16A - Fornecimento e instalação | E71: =M.C.!J262 -> 1 | F71: UN | H71: =(G71+(G71*$H$6)) -> 0 | I71: =E71*H71 -> 0
A72: 10.11 | B72: 93655 | C72: SINAPI (JUL/2022) | D72: Disjuntor monopolar din, corrente nominal de 20A - Fornecimento e instalação | E72: =M.C.!J266 -> 2 | F72: UN | H72: =(G72+(G72*$H$6)) -> 0 | I72: =E72*H72 -> 0
A73: 10.12 | B73: =CPU!A53 -> Comp - 006 | C73: =CPU!A53 -> Comp - 006 | D73: Protetor clamper slim DPS 275V 15KA - Fornecimento e instalação | E73: =M.C.!J270 -> 3 | F73: UN | H73: =(G73+(G73*$H$6)) -> 0 | I73: =E73*H73 -> 0
A74: ="SUB-TOTAL (Item "&A61&"):" -> SUB-TOTAL (Item 10): | I74: =SUM(I62:I73) -> 0
A75: 11 | D75: INSTALAÇÕES HIDROSANITÁRIA
A76: 11.1 | B76: =CPU!A61 -> Comp - 007 | C76: =CPU!A61 -> Comp - 007 | D76: Ponto de embutir para água fria em tubo PVC rígido roscável, DN 1/2" (20mm), embutido na alvenaria com distância de até cinco (5) metros da tomada de água, inclusive conexões e fixação do tubo com enchimento do rasgo na alvenaria/concreto com argamassa | E76: =M.C.!J275 -> 1 | F76: UN | H76: =(G76+(G76*$H$6)) -> 0 | I76: =E76*H76 -> 0
A77: 11.2 | B77: ED-49989 | C77: SETOP (JUN/2022) | D77: Registro de gaveta, tipo base, roscável 3/4" (para tubo soldável ou ppr DN25mm/CPVC DN 22mm), inclusive acabamento (padrão médio) e canopla cromados | E77: =M.C.!J279 -> 1 | F77: UN | H77: =(G77+(G77*$H$6)) -> 0 | I77: =E77*H77 -> 0
A78: 11.3 | B78: ED-50012 | C78: SETOP (JUN/2022) | D78: Caixa sifonada em PVC com tampa cega 250x172x50mm | E78: =M.C.!J283 -> 1 | F78: UN | H78: =(G78+(G78*$H$6)) -> 0 | I78: =E78*H78 -> 0
A79: 11.4 | B79: ED-49956 | C79: SETOP (JUN/2022) | D79: Ralo sifonado PVC cilindrico 100x70x40 mm com grelha redonda | E79: =M.C.!J288 -> 1 | F79: UN | H79: =(G79+(G79*$H$6)) -> 0 | I79: =E79*H79 -> 0
A80: 11.5 | B80: ED-50224 | C80: SETOP (JUN/2022) | D80: Ponto de embutir para esgoto em tubo de PVC rígido, PVB-série normal, DN 50mm (2"), embutido em piso com distância de até cinco (5) metros do ramal de esgoto, exclusive escavação, inclusive conexões e fixação do tubo de enchimento do rasgo no concreto com argamassa | E80: =M.C.!J292 -> 1 | F80: UN | H80: =(G80+(G80*$H$6)) -> 0 | I80: =E80*H80 -> 0
A81: 11.6 | B81: ED-50028 | C81: SETOP (JUN/2022) | D81: Fornecimento e assentamento de tubo de PVC rígido esgoto, PVB - série reforçado, DN 75mm (3"), inclusive conexões | E81: =M.C.!J296 -> 6 | F81: M | H81: =(G81+(G81*$H$6)) -> 0 | I81: =E81*H81 -> 0
A82: 11.7 | B82: ED-48669 | C82: SETOP (JUN/2022) | D82: Fornecimento e assentamento de tubo de PVC rígido, drenagem/pluvial, PVB - série normal, DN 100mm (4"), inclusive conexões | E82: =M.C.!J300 -> 3 | F82: M | H82: =(G82+(G82*$H$6)) -> 0 | I82: =E82*H82 -> 0
A83: ="SUB-TOTAL (Item "&A75&"):" -> SUB-TOTAL (Item 11): | I83: =SUM(I76:I82) -> 0
A84: 12 | D84: SERVIÇOS DIVERSOS
A85: 12.1 | B85: ED-48343 | C85: SETOP (JUN/2022) | D85: Bancada em granito cinza andorinha, E= 3cm, apoiada em console de metalom 20x30mm | E85: =M.C.!J306 -> 2.46 | F85: M2 | H85: =(G85+(G85*$H$6)) -> 0 | I85: =E85*H85 -> 0
A86: 12.2 | B86: ED-48347 | C86: SETOP (JUN/2022) | D86: Rodobancada/frontão para bancada em granito, cor cinza andorinha, esp. 2cm, altura de 7cm, inclusive rejuntamento em massa plástica na cor da pedra | E86: =M.C.!J311 -> 4.1 | F86: M | H86: =(G86+(G86*$H$6)) -> 0 | I86: =E86*H86 -> 0
A87: 12.3 | B87: ED-50692 | C87: SETOP (JUN/2022) | D87: Prateleira em granito cinza andorinha E= 2cm, apoiada em console metalon 20x30mm | E87: =M.C.!J316 -> 1.97 | F87: M2 | H87: =(G87+(G87*$H$6)) -> 0 | I87: =E87*H87 -> 0
A88: 12.4 | B88: ED-50278 | C88: SETOP (JUN/2022) | D88: Cuba em aço inoxidável de embutir, AISI 301, aplicação para pia (560x330x115mm), número 2, assentamento em bancada, inclusive válvula de escoamento de metal com acabamento cromado, fornecimento e instalação | E88: =M.C.!J320 -> 1 | F88: UN | H88: =(G88+(G88*$H$6)) -> 0 | I88: =E88*H88 -> 0
A89: 12.5 | B89: ED-50324 | C89: SETOP (JUN/2022) | D89: Torneira metálica para pia, bica móvel, abertura 1/4 de volta, acabamento cromado, com arejador, aplicação de mesa, inclusive engate flexível metálico, fornecimento e instalação | E89: =M.C.!J324 -> 1 | F89: UN | H89: =(G89+(G89*$H$6)) -> 0 | I89: =E89*H89 -> 0
A90: 12.6 | B90: ED-51160 | C90: SETOP (JUN/2022) | D90: Vidro temperado incolor, esp. 10mm, inclusive fixação e vedação com guarnição/gaxeta de borracha neoprene, fornecimento e instalação | E90: =M.C.!J328 -> 3.36 | F90: M2 | H90: =(G90+(G90*$H$6)) -> 0 | I90: =E90*H90 -> 0
A91: 12.7 | B91: =CPU!A69 -> Comp - 008 | C91: =CPU!A69 -> Comp - 008 | D91: Estrutura em perfil de metalon seção quadrada, para fixação de vidro temperado incolor, fornecimento e instalação | E91: =M.C.!J332 -> 9.4 | F91: M | H91: =(G91+(G91*$H$6)) -> 0 | I91: =E91*H91 -> 0
A92: ="SUB-TOTAL (Item "&A84&"):" -> SUB-TOTAL (Item 12): | I92: =SUM(I85:I91) -> 0
A93: TOTAL | I93: =I12+I15+I19+I29+I36+I43+I49+I55+I60+I74+I83+I92 -> 0
A95: 1) Os preços unitários da planilha são referenciais, limites máximos permitidos e correspondem ao custo total de cada serviço. Foram utilizados preços de referência com desoneração, conforme Lei 13.161/2015.
A96: 2) Estão incluídos nos custos de cada item: Fornecimento e transporte de todos os materiais e equipamentos + mão de obra + encargos sociais + encargos complementares. No preço unitário estão incluidos todos os componentes necessários para execução de cada serviço, mesmo aqueles que embora não citados sejam indispensáveis para o seu desenvolvimento.
A97: 3) Os Encargos complementares são custos associados à mão de obra - alimentação, transporte, equipamentos de proteção individual, ferramentas e outros.
A98: 4) O BDI adotado foi de 30,38%, com desoneração, conforme Acórdão nº 2622/2013 e Lei 13.161 de 31/08/15. Os percentuais adotados para o cálculo do BDI estão detalhados em planilha anexa. Conforme legislação tributária Municipal, a base de cálculo do ISS corresponde a 90,00% do valor deste tipo de obra e, sobre esta base, incide ISS com alíquota de 5,00%.
A99: 5) A Contribuição Previdenciária sobre a Receita Bruta (CPRB) - Lei 13.161/2015, desonera a folha de salários de diversas atividades econômicas da construção civil e impacta no cálculo do BDI mediante a majoração do percentual correspondente à 4,5% sobre o preço total da obra, em substituição à contribuição previdenciária patronal de 20% prevista nos encargos sociais.
A100: 6) Os serviços deverão ser executados rigorosamente conforme Planilha Orçamentária, Especificação Técnica e Projetos.
A101: 7) Caso a Fiscalização Municipal entenda como inviável a execução de algum item previsto nesta planilha, a Prefeitura Municipal reserva-se o direito de realizar supressão total ou parcial do(s) mesmo(s), de acordo com os limites estabelecidos pela Lei nº 8.666/93.
...

Sheet P.O.
A1: PREFEITURA MUNICIPAL Secretaria de Obras e Serviços Urbanos | O1: 1
O2: 2
O3: 3
A4: ANEXO X - OBRA POR EXECUÇÃO INDIRETA | O4: 4
A5: Setor requisitante: Secretaria Municipal de Obras e Serviços Urbanos | O5: 5
A6: Objeto: | D6: Construção de nova cozinha na Fazenda da Vargem em Nova Era/MG | G6: BDI: | H6: =BDI!J27 -> 0.3141 | I6: =TODAY() -> 44818 | O6: 6
O7: 7
A8: PLANILHA ORÇAMENTÁRIA | O8: 8
A9: Item | B9: Preço Referência | C9: Fonte | D9: Descrição | E9: Qtde. | F9: Unidade | G9: Preço unitário sem BDI | H9: Preço unitário com BDI | I9: P. Total | O9: 9
A10: 1 | D10: MOBILIZAÇÃO, DESMOBILIZAÇÃO | O10: 10
A11: =$A$10&"."&O1 -> 1.1 | B11: ED-50392 | C11: SETOP (JUN/2022) | D11: Mobilização e desmobilização de obra - para obras até o valor de R$1.000.000,00 - 0,5% do custo direto da obra | E11: =M.C.!J17 -> 1 | F11: VB | G11: =M.C.!H14 -> 204.94 | H11: =(G11+(G11*H6)) -> 269.31 | I11: =H11*E11 -> 269.31 | O11: 11
A12: ="SUB-TOTAL (Item "&A10&"):" -> SUB-TOTAL (Item 1): | I12: =SUM(I11) -> 269.31 | O12: 12
A13: 2 | D13: CANTEIRO DE OBRAS | O13: 13
A14: =$A$13&"."&O1 -> 2.1 | B14: ED-50152 | C14: SETOP (JUN/2022) | D14: Fornecimento e colocação de placa de obra em chapa galvanizada (3,00 x 1,50 m) - incluindo dispositivos de fixação, chapa galvanizada 0,26, estrutura metálica viga U 2" enrijecida com metalon 20 x 20, suporte em eucalipto autoclavado, conforme modelo da Prefeitura | E14: =M.C.!J22 -> 1 | F14: UN | G14: 1224.69 | H14: =(G14+(G14*$H$6)) -> 1609.37 | I14: =E14*H14 -> 1609.37 | O14: 14
A15: ="SUB-TOTAL (Item "&A13&"):" -> SUB-TOTAL (Item 2): | I15: =SUM(I14:I14) -> 1609.37 | O15: 15
A16: 3 | D16: ADMINISTRAÇÃO LOCAL | O16: 16
A17: =$A$16&"."&O1 -> 3.1 | B17: CO-27348 | C17: SETOP (JUN/2022) | D17: Engenheiro/Arquiteto Junior | E17: =M.C.!J27 -> 9.9 | F17: H | G17: 84.49 | H17: =(G17+(G17*$H$6)) -> 111.03 | I17: =E17*H17 -> 1099.2 | O17: 17
A18: =$A$16&"."&O2 -> 3.2 | B18: ED-21776 | C18: SETOP (JUN/2022) | D18: Encarregado geral de obras com encargos complementares | E18: =M.C.!J31 -> 1.5 | F18: MÊS | G18: 6136.54 | H18: =(G18+(G18*$H$6)) -> 8064.03 | I18: =E18*H18 -> 12096.05 | O18: 18
A19: ="SUB-TOTAL (Item "&A16&"):" -> SUB-TOTAL (Item 3): | I19: =SUM(I17:I18) -> 13195.25 | O19: 19
A20: 4 | D20: ESTRUTURAS DE CONCRETO
A21: =$A$20&"."&O1 -> 4.1 | B21: =CPU!A10 -> Comp - 001 | C21: =CPU!A10 -> Comp - 001 | D21: Execução de laje pré-moldada, sc = 300 Kg/m², para vão até 4 metros, inclusive capeamento em concreto não estrutural esp = 4cm, armadura de distribuição em tela soldada Ø6,3mm malha 15x15cm, corte, dobra e montagem de armadura negativa em aço CA - 50, fornecimento e lançamento, adensamento e acabamento de concreto estrutural, usinado, bombeado, Fck = 25MPa com espessura de até 15cm e escoramento metálico com altura de até 4,50 metros, inclusive fornecimento, montagem, desmontagem e carga. | E21: =M.C.!J36 -> 9.3 | F21: M2 | G21: =CPU!H10 -> 832.37 | H21: =(G21+(G21*$H$6)) -> 1093.82 | I21: =E21*H21 -> 10172.53
A22: =$A$20&"."&O2 -> 4.2 | B22: =CPU!A20 -> Comp - 002 | C22: =CPU!A20 -> Comp - 002 | D22: Execução de pilar em concreto estrutural usinado, Fck= 25 MPa, inclusive fornecimento, lançamento e adensamento e acabamento, corte, dobre e montagem de armação em aço CA-50/60, forma e desforma de tábua e sarrafo com aproveitamento de (5x), inclusive escoramento. | E22: =M.C.!J40 -> 0.32 | F22: M3 | G22: =CPU!H20 -> 2429.18 | H22: =(G22+(G22*$H$6)) -> 3192.19 | I22: =E22*H22 -> 1021.5
A23: =$A$20&"."&O3 -> 4.3 | B23: ED-50850 | C23: SETOP (JUN/2022) | D23: Viga de 0,21 a 0,35 m de largura em concreto 20 MPa, aparente, armação, forma plastificada, escoramento e desforma | E23: =M.C.!J47 -> 0.72 | F23: M3 | G23: 1913.51 | H23: =(G23+(G23*$H$6)) -> 2514.54 | I23: =E23*H23 -> 1810.47
A24: =$A$20&"."&O4 -> 4.4 | B24: =CPU!A27 -> Comp - 003 | C24: =CPU!A27 -> Comp - 003 | D24: Execução de fundação tipo sapata ou tubulão, inclusive corte, dobra e montagem de aço CA-50/60, fornecimento, lançamento e adensamento de concreto estrutural usinado, Fck= 25MPa, escavação manual com profundidade até 3,00 metros, reaterro e compactação manual | E24: =M.C.!J51 -> 1.6 | F24: M3 | G24: =CPU!H27 -> 1174.77 | H24: =(G24+(G24*$H$6)) -> 1543.77 | I24: =E24*H24 -> 2470.03
A25: =$A$20&"."&O5 -> 4.5 | B25: =CPU!A35 -> Comp - 004 | C25: =CPU!A35 -> Comp - 004 | D25: Execução de viga baldrame, inclusive corte, dobra e montagem de aço CA-50/60, fornecimento, lançamento e adensamento de concreto estrutural usinado, Fck= 25MPa, escavação manual com profundidade até 1,50 metros, e apiloamento de fundo de vala | E25: =M.C.!J58 -> 0.72 | F25: M3 | G25: =CPU!H35 -> 1670.07 | H25: =(G25+(G25*$H$6)) -> 2194.64 | I25: =E25*H25 -> 1580.14
A26: =$A$20&"."&O6 -> 4.6 | B26: ED-49812 | C26: SETOP (JUN/2022) | D26: Lastro de concreto magro, inclusive transporte, lançamento e adensamento | E26: =M.C.!J65 -> 0.12 | F26: M3 | G26: 439.3 | H26: =(G26+(G26*$H$6)) -> 577.28 | I26: =E26*H26 -> 69.27
A27: =$A$20&"."&O7 -> 4.7 | B27: ED-48219 | C27: SETOP (JUN/2022) | D27: Alvenaria de bloco de concreto cheio sem armação, em concreto com Fck de 20MPa, esp. 14cm, para revestimento, inclusive argamassa para assentamento | E27: =M.C.!J70 -> 1.08 | F27: M2 | G27: 126.23 | H27: =(G27+(G27*$H$6)) -> 165.88 | I27: =E27*H27 -> 179.15
A28: =$A$20&"."&O8 -> 4.8 | B28: ED-48201 | C28: SETOP (JUN/2022) | D28: Alvenaria estrutural com bloco de concreto, esp. 14cm (Fbk 4,5Mpa), com acabamento aparente, inclusive argamassa para assentamento | E28: =M.C.!J81 -> 36.74 | F28: M2 | G28: 52.44 | H28: =(G28+(G28*$H$6)) -> 68.91 | I28: =E28*H28 -> 2531.75
A29: ="SUB-TOTAL (Item "&A20&"):" -> SUB-TOTAL (Item 4): | I29: =SUM(I21:I28) -> 19834.84
A30: 5 | D30: PISO
A31: =$A$30&"."&O1 -> 5.1 | B31: ED-50568 | C31: SETOP (JUN/2022) | D31: Contrapiso desempenado com argamassa, traço 1:3 (cimento e areia), esp. 30mm | E31: =M.C.!J86 -> 7.56 | F31: M2 | G31: 35.01 | H31: =(G31+(G31*$H$6)) -> 46.01 | I31: =E31*H31 -> 347.84
A32: =$A$30&"."&O2 -> 5.2 | B32: ED-50552 | C32: SETOP (JUN/2022) | D32: Piso cimento natado com argamassa, traço 1:3 (cimento e areia), esp. 20mm, acabamento queimado, sem junta de dilatação | E32: =M.C.!J90 -> 7.56 | F32: M2 | G32: 34.5 | H32: =(G32+(G32*$H$6)) -> 45.34 | I32: =E32*H32 -> 342.77
A33: =$A$30&"."&O3 -> 5.3 | B33: ED-50517 | C33: SETOP (JUN/2022) | D33: Pintura a base de resina de silicone em concreto ou alvenaria aparente, duas (2) demãos | E33: =M.C.!J94 -> 7.56 | F33: M2 | G33: 17.53 | H33: =(G33+(G33*$H$6)) -> 23.04 | I33: =E33*H33 -> 174.18
A34: =$A$30&"."&O4 -> 5.4 | B34: ED-50621 | C34: SETOP (JUN/2022) | D34: Sóculo com enchimento em tijolos maciços, altura de 10cm à 12cm, inclusive acabamento final em argamassa, esp. 20mm, aplicação manual | E34: =M.C.!J99 -> 1.97 | F34: M2 | G34: 88.76 | H34: =(G34+(G34*$H$6)) -> 116.64 | I34: =E34*H34 -> 229.78
A35: =$A$30&"."&O5 -> 5.5 | B35: ED-51002 | C35: SETOP (JUN/2022) | D35: Soleira de granito cinza andorinha E= 2cm | E35: =M.C.!J103 -> 0.14 | F35: M2 | G35: 264.48 | H35: =(G35+(G35*$H$6)) -> 347.55 | I35: =E35*H35 -> 48.66
A36: ="SUB-TOTAL (Item "&A30&"):" -> SUB-TOTAL (Item 5): | I36: =SUM(I31:I35) -> 1143.23
A37: 6 | D37: REVESTIMENTOS
A38: =$A$37&"."&O1 -> 6.1 | B38: 87878 | C38: SINAPI (JUL/2022) | D38: Chapisco aplicado em alvenarias e estruturas de concreto, com colher de pedreiro, argamassa traço 1:3 de cimento e areia, preparo manual | E38: =M.C.!J112 -> 28.54 | F38: M2 | G38: 4.14 | H38: =(G38+(G38*$H$6)) -> 5.44 | I38: =E38*H38 -> 155.26
A39: =$A$37&"."&O2 -> 6.2 | B39: ED-50730 | C39: SETOP (JUN/2022) | D39: Chapisco com argamassa, traço 1:2:3 (cimento, areia e pedrisco), aplicado com colher, esp. 5mm, preparo mecânico | E39: =M.C.!J122 -> 36.29 | F39: M2 | G39: 11.15 | H39: =(G39+(G39*$H$6)) -> 14.65 | I39: =E39*H39 -> 531.65
A40: =$A$37&"."&O3 -> 6.3 | B40: 87528 | C40: SINAPI (JUL/2022) | D40: Emboço, para recebimento de cerâmica, em argamassa traço 1:2:8, preparo manual, aplicado manualmente em faces internas de paredes, para ambiente com área menor que 5m2, espessura de 20mm, com execução de taliscas | E40: =M.C.!J130 -> 16.16 | F40: M2 | G40: 39.04 | H40: =(G40+(G40*$H$6)) -> 51.3 | I40: =E40*H40 -> 829.01
A41: =$A$37&"."&O4 -> 6.4 | B41: ED-50761 | C41: SETOP (JUN/2022) | D41: Reboco com argamassa, traço 1:2:8 (cimento cal e areia), esp. 20mm, aplicação manual, preparo mecânico | E41: =M.C.!J138 -> 12.44 | F41: M2 | G41: 28.67 | H41: =(G41+(G41*$H$6)) -> 37.68 | I41: =E41*H41 -> 468.74
A42: =$A$37&"."&O5 -> 6.5 | B42: ED-50717 | C42: SETOP (JUN/2022) | D42: Revestimento com azulejo branco (20x20cm), junta a prumo, assentamento com argamassa industrializada, inclusive rejuntamento | E42: =M.C.!J145 -> 14.32 | F42: M2 | G42: 77.25 | H42: =(G42+(G42*$H$6)) -> 101.51 | I42: =E42*H42 -> 1453.62
A43: ="SUB-TOTAL (Item "&A37&"):" -> SUB-TOTAL (Item 6): | I43: =SUM(I38:I42) -> 3438.28
A44: 7 | D44: ESQUADRIAS
A45: =$A$44&"."&O1 -> 7.1 | B45: ED-9904 | C45: SETOP (JUN/2022) | D45: Verga em concreto estrutural para vãos de até 150cm, preparado em obra com betoneira, controle "A", com Fck 20Mpa, moldado in loco, inclusive armação | E45: =M.C.!J151 -> 0.05 | F45: M3 | G45: 2604.13 | H45: =(G45+(G45*$H$6)) -> 3422.09 | I45: =E45*H45 -> 171.1
A46: =$A$44&"."&O2 -> 7.2 | B46: ED-9903 | C46: SETOP (JUN/2022) | D46: Contraverga em concreto estrutural para vãos de até 150cm, preparado em obra com betoneira, controle "A", com Fck 20Mpa, moldado in loco, inclusive armação | E46: =M.C.!J155 -> 0.02 | F46: M3 | G46: 2604.13 | H46: =(G46+(G46*$H$6)) -> 3422.09 | I46: =E46*H46 -> 68.44
A47: =$A$44&"."&O3 -> 7.3 | B47: ED-50964 | C47: SETOP (JUN/2022) | D47: Fornecimento e assentamento de janela de alumínio, linha suprema, acabamento anodizado, tipo maxim-ar com contramarco, inclusive fornecimento de vidro liso de 4mm, ferragens e acessórios | E47: =M.C.!J159 -> 1.28 | F47: M2 | G47: 726.45 | H47: =(G47+(G47*$H$6)) -> 954.63 | I47: =E47*H47 -> 1221.93
A48: =$A$44&"."&O4 -> 7.4 | B48: ED-7576 | C48: SETOP (JUN/2022) | D48: Fornecimento e assentamento de porta em alumínio, tipo veneziana, de abrir, acabamento anodizado natural, inclusive fechadura e marco | E48: =M.C.!J163 -> 1.89 | F48: M2 | G48: 659.13 | H48: =(G48+(G48*$H$6)) -> 866.16 | I48: =E48*H48 -> 1637.04
A49: ="SUB-TOTAL (Item "&A44&"):" -> SUB-TOTAL (Item 7): | I49: =SUM(I45:I48) -> 3098.51
A50: 8 | D50: COBERTURA
A51: =$A$50&"."&O1 -> 8.1 | B51: ED-48430 | C51: SETOP (JUN/2022) | D51: Cobertura em telha metálica galvanizada trapezoidal, dupla com tratamento anti-chama | E51: =M.C.!J168 -> 7.56 | F51: M2 | G51: 191.25 | H51: =(G51+(G51*$H$6)) -> 251.32 | I51: =E51*H51 -> 1899.98
A52: =$A$50&"."&O2 -> 8.2 | B52: 92602 | C52: SINAPI (JUL/2022) | D52: Fabricação e instalação de tesoura inteira em aço, vão de 3m, para telha ondulada de fibrocimento, metálica, plástica ou termoacústica, incluso içamento | E52: =M.C.!J172 -> 3 | F52: UN | G52: 703.26 | H52: =(G52+(G52*$H$6)) -> 924.15 | I52: =E52*H52 -> 2772.45
A53: =$A$50&"."&O3 -> 8.3 | B53: ED-48332 | C53: SETOP (JUN/2022) | D53: Pingadeira com dimensão (20x5)cm, moldado in loco em concreto não estrutural, preparado em obra betoneira, com fck 15Mpa, inclusive lançamento, adensamento, acabamento e armação | E53: =M.C.!J176 -> 11 | F53: M | G53: 18.3 | H53: =(G53+(G53*$H$6)) -> 24.05 | I53: =E53*H53 -> 264.55
A54: =$A$50&"."&O4 -> 8.4 | B54: ED-50662 | C54: SETOP (JUN/2022) | D54: Calha em chapa galvanizada, esp. 0,5mm (GSG-26), com desenvolvimento de 40cm, inclusive içamento manual | E54: =M.C.!J180 -> 2.75 | F54: M | G54: 49.25 | H54: =(G54+(G54*$H$6)) -> 64.72 | I54: =E54*H54 -> 177.98
A55: ="SUB-TOTAL (Item "&A50&"):" -> SUB-TOTAL (Item 8): | I55: =SUM(I51:I54) -> 5114.96
A56: 9 | D56: PINTURA
A57: 9.1 | B57: 88485 | C57: SINAPI (JUL/2022) | D57: Aplicação manual de fundo selador acrílico em paredes, uma demão | E57: =M.C.!J196 -> 47.23 | F57: M2 | G57: 2.73 | H57: =(G57+(G57*$H$6)) -> 3.59 | I57: =E57*H57 -> 169.56
A58: 9.2 | B58: ED-50451 | C58: SETOP (JUN/2022) | D58: Pintura acrílica com tinta tipo "Sherwin Williams Nova Cor Piso", "Coral" ou similar, duas (2) demãos, sobre superfícies com argamassa ou concreto, incluindo lixamento da superfície caso necessário | E58: =M.C.!J211 -> 47.23 | F58: M2 | G58: 13.02 | H58: =(G58+(G58*$H$6)) -> 17.11 | I58: =E58*H58 -> 808.11
A59: 9.3 | B59: ED-50525 | C59: SETOP (JUN/2022) | D59: Pintura com verniz acrílico (liquibrilho) em alvenaria ou concreto, duas (2) demãos, inclusive preparação da superfície com lixamento | E59: =M.C.!J221 -> 36.29 | F59: M2 | G59: 16.84 | H59: =(G59+(G59*$H$6)) -> 22.13 | I59: =E59*H59 -> 803.1
A60: ="SUB-TOTAL (Item "&A56&"):" -> SUB-TOTAL (Item 9): | I60: =SUM(I57:I59) -> 1780.77
A61: 10 | D61: INSTALAÇÕES ELÉTRICAS
A62: 10.1 | B62: ED-50232 | C62: SETOP (JUN/2022) | D62: Ponto de embutir para uma (1) tomada padrão, três (3) polos (2P+T/10A-250V), com placa 4"x2" de um (1) posto, com eletroduto de pvc rígido roscável, DN 20mm (3/4"), embutido na alvenaria e cabo de cobre flexível, classe 5, isolamento tipo lshf/atox, não halogenado, seção 2,5mm2 (70°C-450/750V), com distância de até dez (10) metros do ponto de derivação, inclusive caixa de ligação, suporte e fixação do eletroduto com enchimento do rasgo na alvenaria/concreto com argamassa | E62: =M.C.!J226 -> 6 | F62: UN | G62: 260.85 | H62: =(G62+(G62*$H$6)) -> 342.78 | I62: =E62*H62 -> 2056.68
A63: 10.2 | B63: =CPU!A44 -> Comp - 005 | C63: =CPU!A44 -> Comp - 005 | D63: Ponto de embutir para uma (1) tomada padrão, três (3) polos (2P+T/20A-250V), com placa 4"x2" de um (1) posto, com eletroduto de pvc rígido roscável, DN 20mm (3/4"), embutido na alvenaria e cabo de cobre flexível, classe 5, isolamento tipo lshf/atox, não halogenado, seção 2,5mm2 (70°C-450/750V), com distância de até dez (10) metros do ponto de derivação, inclusive caixa de ligação, suporte e fixação do eletroduto com enchimento do rasgo na alvenaria/concreto com argamassa | E63: =M.C.!J230 -> 1 | F63: UN | G63: =CPU!H44 -> 261.91 | H63: =(G63+(G63*$H$6)) -> 344.18 | I63: =E63*H63 -> 344.18
A64: 10.3 | B64: ED-50227 | C64: SETOP (JUN/2022) | D64: Ponto de embutir para um (1) interruptor simples (10A-250V), com placa 4"x2" de um (1) posto, com eletroduto fexível corrugado, anti-chama, DN 25mm (3/4"), embutido na alvenaria e cabo de cobre flexível, classe 5, isolamento tipo lshf/atox, não halogenado, seção 1,5mm2 (70°C-450/750V), com distância de até dez (10) metros do ponto de derivação, inclusive caixa de ligação, suporte e fixação do eletroduto com enchimento do rasgo na alvenaria/concreto com argamassa | E64: =M.C.!J234 -> 2 | F64: UN | G64: 207.98 | H64: =(G64+(G64*$H$6)) -> 273.31 | I64: =E64*H64 -> 546.62
A65: 10.4 | B65: ED-50228 | C65: SETOP (JUN/2022) | D65: Ponto de embutir para uma (1) luminária, com eletroduto de PVC rígido roscável, DN 20mm (3/4"), embutido na laje e cabo de cobre flexível, classe 5, isolamento tipo lshf/atox, não halogenado, seção 1,5mm² (70}C-150//750V), com distância de até cinco (5) metros do ponto de derivação, exclusive lumiária, inclusive caixa de ligação octagonal, suporte e fixação do eletroduto | E65: =M.C.!J238 -> 3 | F65: UN | G65: 130.92 | H65: =(G65+(G65*$H$6)) -> 172.04 | I65: =E65*H65 -> 516.12
A66: 10.5 | B66: 97589 | C66: SINAPI (JUL/2022) | D66: Luminária tipo plafon em plástico, de sobrepor com 1 lâmpada fluorescente de 15W, sem reator, fornecimento e instalação | E66: =M.C.!J242 -> 2 | F66: UN | G66: 35.78 | H66: =(G66+(G66*$H$6)) -> 47.02 | I66: =E66*H66 -> 94.04
A67: 10.6 | B67: ED-49403 | C67: SETOP (JUN/2022) | D67: Luminária arandela tipo tartaruga, para uma (1) lâmpada fluorescente compacta 20W, fornecimento e instalação, inclusive base e lâmpada | E67: =M.C.!J246 -> 1 | F67: UN | G67: 60.81 | H67: =(G67+(G67*$H$6)) -> 79.91 | I67: =E67*H67 -> 79.91
A68: 10.7 | B68: ED-49499 | C68: SETOP (JUN/2022) | D68: Quadro de distribuição para 12 módulos com barramento e chave | E68: =M.C.!J250 -> 1 | F68: UN | G68: 181.36 | H68: =(G68+(G68*$H$6)) -> 238.33 | I68: =E68*H68 -> 238.33
A69: 10.8 | B69: 93662 | C69: SINAPI (JUL/2022) | D69: Disjuntor bipolar tipo din, corrente nominal de 20A - Fornecimento e instalação | E69: =M.C.!J254 -> 1 | F69: UN | G69: 97.52 | H69: =(G69+(G69*$H$6)) -> 128.15 | I69: =E69*H69 -> 128.15
A70: 10.9 | B70: 93664 | C70: SINAPI (JUL/2022) | D70: Disjuntor bipolar tipo din, corrente nominal de 32A - Fornecimento e instalação | E70: =M.C.!J258 -> 1 | F70: UN | G70: 100.04 | H70: =(G70+(G70*$H$6)) -> 131.46 | I70: =E70*H70 -> 131.46
A71: 10.10 | B71: 93654 | C71: SINAPI (JUL/2022) | D71: Disjuntor monopolar din, corrente nominal de 16A - Fornecimento e instalação | E71: =M.C.!J262 -> 1 | F71: UN | G71: 18.52 | H71: =(G71+(G71*$H$6)) -> 24.34 | I71: =E71*H71 -> 24.34
A72: 10.11 | B72: 93655 | C72: SINAPI (JUL/2022) | D72: Disjuntor monopolar din, corrente nominal de 20A - Fornecimento e instalação | E72: =M.C.!J266 -> 2 | F72: UN | G72: 19.57 | H72: =(G72+(G72*$H$6)) -> 25.72 | I72: =E72*H72 -> 51.44
A73: 10.12 | B73: =CPU!A53 -> Comp - 006 | C73: =CPU!A53 -> Comp - 006 | D73: Protetor clamper slim DPS 275V 15KA - Fornecimento e instalação | E73: =M.C.!J270 -> 3 | F73: UN | G73: =CPU!H53 -> 50.78 | H73: =(G73+(G73*$H$6)) -> 66.73 | I73: =E73*H73 -> 200.19
A74: ="SUB-TOTAL (Item "&A61&"):" -> SUB-TOTAL (Item 10): | I74: =SUM(I62:I73) -> 4411.46
A75: 11 | D75: INSTALAÇÕES HIDROSANITÁRIA
A76: 11.1 | B76: =CPU!A61 -> Comp - 007 | C76: =CPU!A61 -> Comp - 007 | D76: Ponto de embutir para água fria em tubo PVC rígido roscável, DN 1/2" (20mm), embutido na alvenaria com distância de até cinco (5) metros da tomada de água, inclusive conexões e fixação do tubo com enchimento do rasgo na alvenaria/concreto com argamassa | E76: =M.C.!J275 -> 1 | F76: UN | G76: 157.45 | H76: =(G76+(G76*$H$6)) -> 206.91 | I76: =E76*H76 -> 206.91
A77: 11.2 | B77: ED-49989 | C77: SETOP (JUN/2022) | D77: Registro de gaveta, tipo base, roscável 3/4" (para tubo soldável ou ppr DN25mm/CPVC DN 22mm), inclusive acabamento (padrão médio) e canopla cromados | E77: =M.C.!J279 -> 1 | F77: UN | G77: 78.71 | H77: =(G77+(G77*$H$6)) -> 103.43 | I77: =E77*H77 -> 103.43
A78: 11.3 | B78: ED-50012 | C78: SETOP (JUN/2022) | D78: Caixa sifonada em PVC com tampa cega 250x172x50mm | E78: =M.C.!J283 -> 1 | F78: UN | G78: 71.84 | H78: =(G78+(G78*$H$6)) -> 94.4 | I78: =E78*H78 -> 94.4
A79: 11.4 | B79: ED-49956 | C79: SETOP (JUN/2022) | D79: Ralo sifonado PVC cilindrico 100x70x40 mm com grelha redonda | E79: =M.C.!J288 -> 1 | F79: UN | G79: 23.07 | H79: =(G79+(G79*$H$6)) -> 30.32 | I79: =E79*H79 -> 30.32
A80: 11.5 | B80: ED-50224 | C80: SETOP (JUN/2022) | D80: Ponto de embutir para esgoto em tubo de PVC rígido, PVB-série normal, DN 50mm (2"), embutido em piso com distância de até cinco (5) metros do ramal de esgoto, exclusive escavação, inclusive conexões e fixação do tubo de enchimento do rasgo no concreto com argamassa | E80: =M.C.!J292 -> 1 | F80: UN | G80: 200.45 | H80: =(G80+(G80*$H$6)) -> 263.41 | I80: =E80*H80 -> 263.41
A81: 11.6 | B81: ED-50028 | C81: SETOP (JUN/2022) | D81: Fornecimento e assentamento de tubo de PVC rígido esgoto, PVB - série reforçado, DN 75mm (3"), inclusive conexões | E81: =M.C.!J296 -> 6 | F81: M | G81: 39.19 | H81: =(G81+(G81*$H$6)) -> 51.5 | I81: =E81*H81 -> 309
A82: 11.7 | B82: ED-48669 | C82: SETOP (JUN/2022) | D82: Fornecimento e assentamento de tubo de PVC rígido, drenagem/pluvial, PVB - série normal, DN 100mm (4"), inclusive conexões | E82: =M.C.!J300 -> 3 | F82: M | G82: 41.74 | H82: =(G82+(G82*$H$6)) -> 54.85 | I82: =E82*H82 -> 164.55
A83: ="SUB-TOTAL (Item "&A75&"):" -> SUB-TOTAL (Item 11): | I83: =SUM(I76:I82) -> 1172.02
A84: 12 | D84: SERVIÇOS DIVERSOS
A85: 12.1 | B85: ED-48343 | C85: SETOP (JUN/2022) | D85: Bancada em granito cinza andorinha, E= 3cm, apoiada em console de metalom 20x30mm | E85: =M.C.!J306 -> 2.46 | F85: M2 | G85: 337.46 | H85: =(G85+(G85*$H$6)) -> 443.46 | I85: =E85*H85 -> 1090.91
A86: 12.2 | B86: ED-48347 | C86: SETOP (JUN/2022) | D86: Rodobancada/frontão para bancada em granito, cor cinza andorinha, esp. 2cm, altura de 7cm, inclusive rejuntamento em massa plástica na cor da pedra | E86: =M.C.!J311 -> 4.1 | F86: M | G86: 36.91 | H86: =(G86+(G86*$H$6)) -> 48.5 | I86: =E86*H86 -> 198.85
A87: 12.3 | B87: ED-50692 | C87: SETOP (JUN/2022) | D87: Prateleira em granito cinza andorinha E= 2cm, apoiada em console metalon 20x30mm | E87: =M.C.!J316 -> 1.97 | F87: M2 | G87: 223.17 | H87: =(G87+(G87*$H$6)) -> 293.27 | I87: =E87*H87 -> 577.74
A88: 12.4 | B88: ED-50278 | C88: SETOP (JUN/2022) | D88: Cuba em aço inoxidável de embutir, AISI 301, aplicação para pia (560x330x115mm), número 2, assentamento em bancada, inclusive válvula de escoamento de metal com acabamento cromado, fornecimento e instalação | E88: =M.C.!J320 -> 1 | F88: UN | G88: 376.21 | H88: =(G88+(G88*$H$6)) -> 494.38 | I88: =E88*H88 -> 494.38
A89: 12.5 | B89: ED-50324 | C89: SETOP (JUN/2022) | D89: Torneira metálica para pia, bica móvel, abertura 1/4 de volta, acabamento cromado, com arejador, aplicação de mesa, inclusive engate flexível metálico, fornecimento e instalação | E89: =M.C.!J324 -> 1 | F89: UN | G89: 146.85 | H89: =(G89+(G89*$H$6)) -> 192.98 | I89: =E89*H89 -> 192.98
A90: 12.6 | B90: ED-51160 | C90: SETOP (JUN/2022) | D90: Vidro temperado incolor, esp. 10mm, inclusive fixação e vedação com guarnição/gaxeta de borracha neoprene, fornecimento e instalação | E90: =M.C.!J328 -> 3.36 | F90: M2 | G90: 333.45 | H90: =(G90+(G90*$H$6)) -> 438.19 | I90: =E90*H90 -> 1472.32
A91: 12.7 | B91: =CPU!A69 -> Comp - 008 | C91: =CPU!A69 -> Comp - 008 | D91: Estrutura em perfil de metalon seção quadrada, para fixação de vidro temperado incolor, fornecimento e instalação | E91: =M.C.!J332 -> 9.4 | F91: M | G91: =CPU!H69 -> 75.57 | H91: =(G91+(G91*$H$6)) -> 99.31 | I91: =E91*H91 -> 933.51
A92: ="SUB-TOTAL (Item "&A84&"):" -> SUB-TOTAL (Item 12): | I92: =SUM(I85:I91) -> 4960.69
A93: TOTAL | I93: =I12+I15+I19+I29+I36+I43+I49+I55+I60+I74+I83+I92 -> 60028.69
A95: 1) Os preços unitários da planilha são referenciais, limites máximos permitidos e correspondem ao custo total de cada serviço. Foram utilizados preços de referência com desoneração, conforme Lei 13.161/2015.
A96: 2) Estão incluídos nos custos de cada item: Fornecimento e transporte de todos os materiais e equipamentos + mão de obra + encargos sociais + encargos complementares. No preço unitário estão incluidos todos os componentes necessários para execução de cada serviço, mesmo aqueles que embora não citados sejam indispensáveis para o seu desenvolvimento.
A97: 3) Os Encargos complementares são custos associados à mão de obra - alimentação, transporte, equipamentos de proteção individual, ferramentas e outros.
A98: 4) O BDI adotado foi de 30,38%, com desoneração, conforme Acórdão nº 2622/2013 e Lei 13.161 de 31/08/15. Os percentuais adotados para o cálculo do BDI estão detalhados em planilha anexa. Conforme legislação tributária Municipal, a base de cálculo do ISS corresponde a 90,00% do valor deste tipo de obra e, sobre esta base, incide ISS com alíquota de 5,00%.
A99: 5) A Contribuição Previdenciária sobre a Receita Bruta (CPRB) - Lei 13.161/2015, desonera a folha de salários de diversas atividades econômicas da construção civil e impacta no cálculo do BDI mediante a majoração do percentual correspondente à 4,5% sobre o preço total da obra, em substituição à contribuição previdenciária patronal de 20% prevista nos encargos sociais.
A100: 6) Os serviços deverão ser executados rigorosamente conforme Planilha Orçamentária, Especificação Técnica e Projetos.
A101: 7) Caso a Fiscalização Municipal entenda como inviável a execução de algum item previsto nesta planilha, a Prefeitura Municipal reserva-se o direito de realizar supressão total ou parcial do(s) mesmo(s), de acordo com os limites estabelecidos pela Lei nº 8.666/93.
...

Sheet M.C.
A1: PREFEITURA MUNICIPAL Secretaria de Obras e Serviços Urbanos
A4: =P.O.!A4:I4 -> ANEXO X - OBRA POR EXECUÇÃO INDIRETA
A5: =P.O.!A5:I5 -> Setor requisitante: Secretaria Municipal de Obras e Serviços Urbanos
A6: =P.O.!A6:A6 -> Objeto: | B6: =P.O.!D6 -> Construção de nova cozinha na Fazenda da Vargem em Nova Era/MG | H6: =P.O.!G6 -> BDI: | I6: =P.O.!H6 -> 0.3141 | J6: =P.O.!I6 -> 44818
A8: MEMÓRIA DE CÁLCULO
A9: =P.O.!A10 -> 1 | B9: =P.O.!D10 -> MOBILIZAÇÃO, DESMOBILIZAÇÃO
A10: =P.O.!A11 -> 1.1 | B10: =P.O.!D11 -> Mobilização e desmobilização de obra - para obras até o valor de R$1.000.000,00 - 0,5% do custo direto da obra
A11: Detalhe | D11: Custo direto da obra (com BDI) | F11: Custo direto da obra (sem BDI) | H11: =B10 -> Mobilização e desmobilização de obra - para obras até o valor de R$1.000.000,00 - 0,5% do custo direto da obra
A14: 0.5 | D14: =P.O.!I15+P.O.!I19+P.O.!I29+P.O.!I36+P.O.!I43+P.O.!I49+P.O.!I55+P.O.!I60+P.O.!I74+P.O.!I83+P.O.!I92 -> 59759.38 | F14: =D14-((D14*I6)) -> 40988.96 | H14: =(F14*A14)/100 -> 204.94
A15: Detalhe | D15: Extensão | E15: Largura | F15: Altura | G15: Quantidade | H15: Área | I15: Dedução | J15: Total
A16: Mobilização | G16: 1 | J16: =PRODUCT(D16:H16)-I16 -> 1
A17: ="TOTAL - "&P.O.!F11 -> TOTAL - VB | J17: =SUM(J16) -> 1
A18: =P.O.!A13 -> 2 | B18: =P.O.!D13 -> CANTEIRO DE OBRAS
A19: =P.O.!A14 -> 2.1 | B19: =P.O.!D14 -> Fornecimento e colocação de placa de obra em chapa galvanizada (3,00 x 1,50 m) - incluindo dispositivos de fixação, chapa galvanizada 0,26, estrutura metálica viga U 2" enrijecida com metalon 20 x 20, suporte em eucalipto autoclavado, conforme modelo da Prefeitura
A20: Detalhe | D20: Extensão | E20: Largura | F20: Altura | G20: Quantidade | H20: Área | I20: Dedução | J20: Total
A21: Placa de identificação | G21: 1 | J21: =PRODUCT(D21:H21)-I21 -> 1
A22: ="TOTAL - "&P.O.!F14 -> TOTAL - UN | J22: =SUM(J21) -> 1
A23: =P.O.!A16 -> 3 | B23: =P.O.!D16 -> ADMINISTRAÇÃO LOCAL
A24: =P.O.!A17 -> 3.1 | B24: =P.O.!D17 -> Engenheiro/Arquiteto Junior
A25: Detalhe | D25: Extensão | E25: Largura | F25: Quantidade (horas/dia) | G25: Quantidade (dia) | H25: Quantidade (mês) | I25: Área | J25: Total
A26: Engenheiro | F26: 0.3 | G26: 22 | H26: 1.5 | J26: =PRODUCT(D26:H26)-I26 -> 9.9
A27: TOTAL - H | J27: =SUM(J26) -> 9.9
A28: =P.O.!A18 -> 3.2 | B28: =P.O.!D18 -> Encarregado geral de obras com encargos complementares
A29: Detalhe | D29: Extensão | E29: Largura | F29: Quantidade (horas/dia) | G29: Quantidade (dia) | H29: Quantidade (mês) | I29: Área | J29: Total
A30: Encarregado geral de obra | H30: 1.5 | J30: =PRODUCT(D30:H30)-I30 -> 1.5
A31: ="TOTAL - "&P.O.!F18 -> TOTAL - MÊS | J31: =SUM(J30:J30) -> 1.5
A32: =P.O.!A20 -> 4 | B32: =P.O.!D20 -> ESTRUTURAS DE CONCRETO
A33: =P.O.!A21 -> 4.1 | B33: =P.O.!D21 -> Execução de laje pré-moldada, sc = 300 Kg/m², para vão até 4 metros, inclusive capeamento em concreto não estrutural esp = 4cm, armadura de distribuição em tela soldada Ø6,3mm malha 15x15cm, corte, dobra e montagem de armadura negativa em aço CA - 50, fornecimento e lançamento, adensamento e acabamento de concreto estrutural, usinado, bombeado, Fck = 25MPa com espessura de até 15cm e escoramento metálico com altura de até 4,50 metros, inclusive fornecimento, montagem, desmontagem e carga.
A34: Detalhe | D34: Extensão | E34: Largura | F34: Altura | G34: Quantidade | H34: Área | I34: Dedução | J34: Total
A35: Estrutura da cozinha | D35: 3.05 | E35: 3.05 | J35: =PRODUCT(D35:H35)-I35 -> 9.3
A36: ="TOTAL - "&P.O.!F21 -> TOTAL - M2 | J36: =SUM(J35:J35) -> 9.3
A37: =P.O.!A22 -> 4.2 | B37: =P.O.!D22 -> Execução de pilar em concreto estrutural usinado, Fck= 25 MPa, inclusive fornecimento, lançamento e adensamento e acabamento, corte, dobre e montagem de armação em aço CA-50/60, forma e desforma de tábua e sarrafo com aproveitamento de (5x), inclusive escoramento.
A38: Detalhe | D38: Extensão | E38: Largura | F38: Altura | G38: Quantidade | H38: Área | I38: Dedução | J38: Total
A39: Estrutura da cozinha | D39: 0.15 | E39: 0.2 | F39: 2.7 | G39: 4 | J39: =PRODUCT(D39:H39)-I39 -> 0.32
A40: ="TOTAL - "&P.O.!F22 -> TOTAL - M3 | J40: =SUM(J39:J39) -> 0.32
A41: =P.O.!A23 -> 4.3 | B41: =P.O.!D23 -> Viga de 0,21 a 0,35 m de largura em concreto 20 MPa, aparente, armação, forma plastificada, escoramento e desforma
A42: Detalhe | D42: Extensão | E42: Largura | F42: Altura | G42: Quantidade | H42: Área | I42: Dedução | J42: Total
A43: V1 | D43: 3.05 | E43: 0.15 | F43: 0.4 | J43: =PRODUCT(D43:G43)-I43 -> 0.18
A44: V2 | D44: 3.05 | E44: 0.15 | F44: 0.4 | J44: =PRODUCT(D44:G44)-I44 -> 0.18
A45: V3 | D45: 3.05 | E45: 0.15 | F45: 0.4 | J45: =PRODUCT(D45:G45)-I45 -> 0.18
A46: V4 | D46: 3.05 | E46: 0.15 | F46: 0.4 | J46: =PRODUCT(D46:G46)-I46 -> 0.18
A47: ="TOTAL - "&P.O.!F40 -> TOTAL - M2 | J47: =SUM(J43:J46) -> 0.72
A48: =P.O.!A24 -> 4.4 | B48: =P.O.!D24 -> Execução de fundação tipo sapata ou tubulão, inclusive corte, dobra e montagem de aço CA-50/60, fornecimento, lançamento e adensamento de concreto estrutural usinado, Fck= 25MPa, escavação manual com profundidade até 3,00 metros, reaterro e compactação manual
A49: Detalhe | D49: Extensão | E49: Largura | F49: Altura | G49: Quantidade | H49: Área | I49: Dedução | J49: Total
A50: Estrutura da cozinha | D50: 1 | E50: 1 | F50: 0.4 | G50: 4 | J50: =PRODUCT(D50:G50)-I50 -> 1.6
A51: ="TOTAL - "&P.O.!F24 -> TOTAL - M3 | J51: =SUM(J50:J50) -> 1.6
A52: =P.O.!A25 -> 4.5 | B52: =P.O.!D25 -> Execução de viga baldrame, inclusive corte, dobra e montagem de aço CA-50/60, fornecimento, lançamento e adensamento de concreto estrutural usinado, Fck= 25MPa, escavação manual com profundidade até 1,50 metros, e apiloamento de fundo de vala
A53: Detalhe | D53: Extensão | E53: Largura | F53: Altura | G53: Quantidade | H53: Área | I53: Dedução | J53: Total
A54: Parede 1 | D54: 3.05 | E54: 0.15 | F54: 0.4 | J54: =PRODUCT(D54:G54)-I54 -> 0.18
A55: Parede 2 | D55: 3.05 | E55: 0.15 | F55: 0.4 | J55: =PRODUCT(D55:G55)-I55 -> 0.18
A56: Parede 3 | D56: 3.05 | E56: 0.15 | F56: 0.4 | J56: =PRODUCT(D56:G56)-I56 -> 0.18
A57: Parede 4 | D57: 3.05 | E57: 0.15 | F57: 0.4 | J57: =PRODUCT(D57:G57)-I57 -> 0.18
A58: ="TOTAL - "&P.O.!F25 -> TOTAL - M3 | J58: =SUM(J54:J57) -> 0.72
A59: =P.O.!A26 -> 4.6 | B59: =P.O.!D26 -> Lastro de concreto magro, inclusive transporte, lançamento e adensamento
A60: Detalhe | D60: Extensão | E60: Largura | F60: Altura | G60: Quantidade | H60: Área | I60: Dedução | J60: Total
A61: Cozinha | D61: 3.05 | E61: 0.2 | F61: 0.05 | J61: =PRODUCT(D61:H61)-I61 -> 0.03
D62: 3.05 | E62: 0.2 | F62: 0.05 | J62: =PRODUCT(D62:H62)-I62 -> 0.03
D63: 3.05 | E63: 0.2 | F63: 0.05 | J63: =PRODUCT(D63:H63)-I63 -> 0.03
D64: 3.05 | E64: 0.2 | F64: 0.05 | J64: =PRODUCT(D64:H64)-I64 -> 0.03
A65: ="TOTAL - "&P.O.!F26 -> TOTAL - M3 | J65: =SUM(J61:J64) -> 0.12
A66: =P.O.!A27 -> 4.7 | B66: =P.O.!D27 -> Alvenaria de bloco de concreto cheio sem armação, em concreto com Fck de 20MPa, esp. 14cm, para revestimento, inclusive argamassa para assentamento
A67: Detalhe | D67: Extensão | E67: Largura | F67: Altura | G67: Quantidade | H67: Área | I67: Dedução | J67: Total
A68: Parede 2 | H68: 0.6 | J68: =PRODUCT(D68:H68)-I68 -> 0.6
A69: Parede 4 | H69: 0.48 | J69: =PRODUCT(D69:H69)-I69 -> 0.48
A70: ="TOTAL - "&P.O.!F27 -> TOTAL - M2 | J70: =SUM(J68:J69) -> 1.08
A71: =P.O.!A28 -> 4.8 | B71: =P.O.!D28 -> Alvenaria estrutural com bloco de concreto, esp. 14cm (Fbk 4,5Mpa), com acabamento aparente, inclusive argamassa para assentamento
A72: Detalhe | D72: Extensão | E72: Largura | F72: Altura | G72: Quantidade | H72: Área | I72: Dedução | J72: Total
A73: Parede 1 | D73: 2.75 | F73: 2.7 | J73: =PRODUCT(D73:H73)-I73 -> 7.43
A74: Alvenaria - acréscimo Parede > Laje | D74: 2.75 | F74: 0.85 | J74: =PRODUCT(D74:H74)-I74 -> 2.34
A75: Parede 2 | D75: 2.75 | F75: 2.7 | J75: =PRODUCT(D75:H75)-I75 -> 7.43
A76: Alvenaria - acréscimo Parede > Laje | D76: 2.75 | F76: 0.85 | J76: =PRODUCT(D76:H76)-I76 -> 2.34
A77: Parede 3 | D77: 2.75 | F77: 2.7 | J77: =PRODUCT(D77:H77)-I77 -> 7.43
A78: Alvenaria - acréscimo Parede > Laje | D78: 2.75 | F78: 0.85 | J78: =PRODUCT(D78:H78)-I78 -> 2.34
A79: Parede 4 | D79: 2.75 | F79: 2.7 | J79: =PRODUCT(D79:H79)-I79 -> 7.43
A80: Alvenaria - acréscimo Parede > Laje (despensa) | D80: 2.75 | F80: 0.85 | J80: =PRODUCT(D80:H80)-I80 -> 2.34
A81: ="TOTAL - "&P.O.!F28 -> TOTAL - M2 | J81: =SUM(J73:J79) -> 36.74
A82: =P.O.!A30 -> 5 | B82: =P.O.!D30 -> PISO
A83: =P.O.!A31 -> 5.1 | B83: =P.O.!D31 -> Contrapiso desempenado com argamassa, traço 1:3 (cimento e areia), esp. 30mm
A84: Detalhe | D84: Extensão | E84: Largura | F84: Altura | G84: Quantidade | H84: Área | I84: Dedução | J84: Total
A85: Contrapiso da cozinha | D85: 2.75 | E85: 2.75 | J85: =PRODUCT(D85:H85)-I85 -> 7.56
A86: ="TOTAL - "&P.O.!F31 -> TOTAL - M2 | J86: =SUM(J85:J85) -> 7.56
A87: =P.O.!A32 -> 5.2 | B87: =P.O.!D32 -> Piso cimento natado com argamassa, traço 1:3 (cimento e areia), esp. 20mm, acabamento queimado, sem junta de dilatação
A88: Detalhe | D88: Extensão | E88: Largura | F88: Altura | G88: Quantidade | H88: Área | I88: Dedução | J88: Total
A89: Piso da cozinha | D89: 2.75 | E89: 2.75 | J89: =PRODUCT(D89:H89)-I89 -> 7.56
A90: ="TOTAL - "&P.O.!F32 -> TOTAL - M2 | J90: =SUM(J89:J89) -> 7.56
A91: =P.O.!A33 -> 5.3 | B91: =P.O.!D33 -> Pintura a base de resina de silicone em concreto ou alvenaria aparente, duas (2) demãos
A92: Detalhe | D92: Extensão | E92: Largura | F92: Altura | G92: Quantidade | H92: Área | I92: Dedução | J92: Total
A93: Resina para o piso da cozinha | D93: 2.75 | E93: 2.75 | J93: =PRODUCT(D93:H93)-I93 -> 7.56
A94: ="TOTAL - "&P.O.!F33 -> TOTAL - M2 | J94: =SUM(J93:J93) -> 7.56
A95: =P.O.!A34 -> 5.4 | B95: =P.O.!D34 -> Sóculo com enchimento em tijolos maciços, altura de 10cm à 12cm, inclusive acabamento final em argamassa, esp. 20mm, aplicação manual
A96: Detalhe | D96: Extensão | E96: Largura | F96: Altura | G96: Quantidade | H96: Área | I96: Dedução | J96: Total
A97: Sóculo de baixo da bancada com pia | D97: 1.95 | E97: 0.48 | J97: =PRODUCT(D97:H97)-I97 -> 0.94
A98: Sóculo de baixo da bancada | D98: 2.15 | E98: 0.48 | J98: =PRODUCT(D98:H98)-I98 -> 1.03
A99: ="TOTAL - "&P.O.!F34 -> TOTAL - M2 | J99: =SUM(J97:J98) -> 1.97
A100: =P.O.!A35 -> 5.5 | B100: =P.O.!D35 -> Soleira de granito cinza andorinha E= 2cm
A101: Detalhe | D101: Extensão | E101: Largura | F101: Altura | G101: Quantidade | H101: Área | I101: Dedução | J101: Total
A102: Soleira porta da cozinha | D102: 0.9 | E102: 0.15 | J102: =PRODUCT(D102:H102)-I102 -> 0.14
A103: ="TOTAL - "&P.O.!F35 -> TOTAL - M2 | J103: =SUM(J102:J102) -> 0.14
A104: =P.O.!A37 -> 6 | B104: =P.O.!D37 -> REVESTIMENTOS
A105: =P.O.!A38 -> 6.1 | B105: =P.O.!D38 -> Chapisco aplicado em alvenarias e estruturas de concreto, com colher de pedreiro, argamassa traço 1:3 de cimento e areia, preparo manual
...

Sheet CPU
A1: PREFEITURA MUNICIPAL Secretaria de Obras e Serviços Urbanos | J1: 1
J2: 2
J3: 3
A4: =P.O.!A4 -> ANEXO X - OBRA POR EXECUÇÃO INDIRETA | J4: 4
A5: =P.O.!A5 -> Setor requisitante: Secretaria Municipal de Obras e Serviços Urbanos | J5: 5
A6: =P.O.!A6:A6 -> Objeto: | B6: =P.O.!D6 -> Construção de nova cozinha na Fazenda da Vargem em Nova Era/MG | F6: =P.O.!G6:G6 -> BDI: | G6: =P.O.!H6:H6 -> 0.3141 | H6: =P.O.!I6:I6 -> 44818 | J6: 6
A8: COMPOSIÇÃO DE CUSTOS
A9: =P.O.!A20 -> 4 | B9: =P.O.!D20 -> ESTRUTURAS DE CONCRETO
A10: Comp - 001 | B10: =P.O.!D21 -> Execução de laje pré-moldada, sc = 300 Kg/m², para vão até 4 metros, inclusive capeamento em concreto não estrutural esp = 4cm, armadura de distribuição em tela soldada Ø6,3mm malha 15x15cm, corte, dobra e montagem de armadura negativa em aço CA - 50, fornecimento e lançamento, adensamento e acabamento de concreto estrutural, usinado, bombeado, Fck = 25MPa com espessura de até 15cm e escoramento metálico com altura de até 4,50 metros, inclusive fornecimento, montagem, desmontagem e carga. | G10: M2 | H10: =H19 -> 832.37
A11: Item | B11: Referência coeficiente | C11: Referência custo unitário | D11: Descrição do insumo / serviço | E11: Unidade | F11: Coeficiente | G11: Custo unitário (R$) | H11: Custo total (R$)
A13: 001.1 | B13: COMPOSIÇÃO | C13: ED-50261 | D13: Laje pré-moldada, a revestir, inclusive capeamento e = 4 cm, sc = 300 kg/m2, l = 5,00 m | E13: M2 | F13: 1 | G13: 155.42 | H13: =F13*G13 -> 155.42
A14: 001.2 | B14: COMPOSIÇÃO | C14: ED-49805 | D14: Fornecimento de concreto estrutural, usinado bombeado, com Fck 25 MPa, inclusive lançamento, adensamento e acabamento - espessura de até 15cm | E14: M3 | F14: 1 | G14: 606.62 | H14: =F14*G14 -> 606.62
A15: 001.3 | B15: COMPOSIÇÃO | C15: SIN-92769 | D15: Armação de laje de estrutura cinvencional de concreto armado utilizando o aço CA-50 de 6,3mm - montagem | E15: KG | F15: 3.66 | G15: 15 | H15: =F15*G15 -> 54.9
A16: 001.4 | B16: COMPOSIÇÃO | C16: ED-50360 | D16: Ajudante de armador com encargos complementares | E16: H | F16: 0.0814814 | G16: 16.55 | H16: =F16*G16 -> 1.35
A17: 001.5 | B17: COMPOSIÇÃO | C17: ED-50375 | D17: Armador com encargos complementares | E17: H | F17: 0.0407407 | G17: 22.24 | H17: =F17*G17 -> 0.91
A18: 001.6 | B18: COMPOSIÇÃO | C18: ED-19634 | D18: Escoramento metálico para laje e viga em concreto armado, tipo "b", altura de (311 até 450)cm, inclusive descarga, montagem, desmontagem e carga | E18: M2 | F18: 1 | G18: 13.17 | H18: =F18*G18 -> 13.17
A19: VALOR TOTAL: | H19: =SUM(H13:H18) -> 832.37
A20: Comp - 002 | B20: =P.O.!D22 -> Execução de pilar em concreto estrutural usinado, Fck= 25 MPa, inclusive fornecimento, lançamento e adensamento e acabamento, corte, dobre e montagem de armação em aço CA-50/60, forma e desforma de tábua e sarrafo com aproveitamento de (5x), inclusive escoramento. | G20: M3 | H20: =H26 -> 2429.18
A21: Item | B21: Referência coeficiente | C21: Referência custo unitário | D21: Descrição do insumo / serviço | E21: Unidade | F21: Coeficiente | G21: Custo unitário (R$) | H21: Custo total (R$)
A23: 002.2 | B23: COMPOSIÇÃO | C23: ED-48298 | D23: Corte, dobra e montagem de aço ca-50/60 | E23: KG | F23: =55.6+11.38 -> 66.98 | G23: 12.88 | H23: =F23*G23 -> 862.7
A24: 002.3 | B24: COMPOSIÇÃO | C24: ED-49805 | D24: Fornecimento de concreto estrutural, usinado bombeado, com Fck 25 MPa, inclusive lançamento, adensamento e acabamento | E24: M3 | F24: 1 | G24: 606.62 | H24: =F24*G24 -> 606.62
A25: 002.4 | B25: COMPOSIÇÃO | C25: ED-8471 | D25: Forma e desforma de tábua e sarrafo, reaproveitamento (5x), inclusive escoramento | E25: M2 | F25: 22 | G25: 43.63 | H25: =F25*G25 -> 959.86
A26: VALOR TOTAL: | H26: =SUM(H23:H25) -> 2429.18
A27: Comp - 003 | B27: =P.O.!D24 -> Execução de fundação tipo sapata ou tubulão, inclusive corte, dobra e montagem de aço CA-50/60, fornecimento, lançamento e adensamento de concreto estrutural usinado, Fck= 25MPa, escavação manual com profundidade até 3,00 metros, reaterro e compactação manual | G27: M3 | H27: =H34 -> 1174.77
A28: Item | B28: Referência coeficiente | C28: Referência custo unitário | D28: Descrição do insumo / serviço | E28: Unidade | F28: Coeficiente | G28: Custo unitário (R$) | H28: Custo total (R$)
A30: 003.1 | B30: COMPOSIÇÃO | C30: ED-48298 | D30: Corte, dobra e montagem de aço ca-50/60 | E30: KG | F30: 36 | G30: 12.88 | H30: =F30*G30 -> 463.68
A31: 003.2 | B31: COMPOSIÇÃO | C31: ED-49805 | D31: Fornecimento de concreto estrutural, usinado bombeado, com Fck 25 MPa, inclusive lançamento, adensamento e acabamento | E31: M3 | F31: 1 | G31: 606.62 | H31: =F31*G31 -> 606.62
A32: 003.3 | B32: COMPOSIÇÃO | C32: ED-51108 | D32: Escavação manual de vala com profundidade até 3,00m, em solos de 1ª categoria | E32: M3 | F32: 1 | G32: 72.94 | H32: =F32*G32 -> 72.94
A33: 003.4 | B33: COMPOSIÇÃO | C33: RO-40234 | D33: Reaterro e compactação manual de vala | E33: M3 | F33: 1 | G33: 31.53 | H33: =F33*G33 -> 31.53
A34: VALOR TOTAL: | H34: =SUM(H30:H33) -> 1174.77
A35: Comp - 004 | B35: =P.O.!D25 -> Execução de viga baldrame, inclusive corte, dobra e montagem de aço CA-50/60, fornecimento, lançamento e adensamento de concreto estrutural usinado, Fck= 25MPa, escavação manual com profundidade até 1,50 metros, e apiloamento de fundo de vala | G35: M3 | H35: =H42 -> 1670.07
A36: Item | B36: Referência coeficiente | C36: Referência custo unitário | D36: Descrição do insumo / serviço | E36: Unidade | F36: Coeficiente | G36: Custo unitário (R$) | H36: Custo total (R$)
A38: 004.1 | B38: COMPOSIÇÃO | C38: ED-48298 | D38: Corte, dobra e montagem de aço ca-50/60 | E38: KG | F38: 78 | G38: 12.88 | H38: =F38*G38 -> 1004.64
A39: 004.2 | B39: COMPOSIÇÃO | C39: ED-49805 | D39: Fornecimento de concreto estrutural, usinado bombeado, com Fck 25 MPa, inclusive lançamento, adensamento e acabamento | E39: M3 | F39: 1 | G39: 606.62 | H39: =F39*G39 -> 606.62
A40: 004.3 | B40: COMPOSIÇÃO | C40: ED-51107 | D40: Escavação manual de valas com profundidade menor ou igual a 1,50 metros | E40: M3 | F40: 1 | G40: 55.11 | H40: =F40*G40 -> 55.11
A41: 004.4 | B41: COMPOSIÇÃO | C41: RO-40239 | D41: Apiloamento de fundo de vala | E41: M2 | F41: 1 | G41: 3.7 | H41: =F41*G41 -> 3.7
A42: VALOR TOTAL: | H42: =SUM(H38:H41) -> 1670.07
A43: =P.O.!A61 -> 10 | B43: =P.O.!D61 -> INSTALAÇÕES ELÉTRICAS
A44: Comp - 005 | B44: =P.O.!D63 -> Ponto de embutir para uma (1) tomada padrão, três (3) polos (2P+T/20A-250V), com placa 4"x2" de um (1) posto, com eletroduto de pvc rígido roscável, DN 20mm (3/4"), embutido na alvenaria e cabo de cobre flexível, classe 5, isolamento tipo lshf/atox, não halogenado, seção 2,5mm2 (70°C-450/750V), com distância de até dez (10) metros do ponto de derivação, inclusive caixa de ligação, suporte e fixação do eletroduto com enchimento do rasgo na alvenaria/concreto com argamassa | G44: UN | H44: =H52 -> 261.91
A45: Item | B45: Referência coeficiente | C45: Referência custo unitário | D45: Descrição do insumo / serviço | E45: Unidade | F45: Coeficiente | G45: Custo unitário (R$) | H45: Custo total (R$)
A47: 005.1 | B47: ED-17905 | C47: ED-48951 | D47: Cabo de cobre flexível, classe 5, isolamento tipo LSHF/ATOX, não halogenado, antichama termoplástico, unipolar, seção 2,5mm², 70ºC, 450/750V | E47: M | F47: 30.9 | G47: 4.39 | H47: =F47*G47 -> 135.65
A48: 005.2 | B48: ED-17905 | C48: ED-49187 | D48: Caixa de ligação/passagem em pvc rígido para eletroduto, dimensões 4"x2", embutida em alvenaria - fornecimento e instalação | E48: UN | F48: 1 | G48: 8.13 | H48: =F48*G48 -> 8.13
A49: 005.3 | B49: ED-15749 | C49: ED-15749 | D49: Conjunto de uma (1) tomada padrão, três (3) polos, corrente 20A, tensão 250V, (2P+T/20A-250V), com placa 4"x2", de um (1) posto, inclusive fornecimento, instalação, suporte, módulo e placa | E49: UN | F49: 1 | G49: 22.03 | H49: =F49*G49 -> 22.03
A50: 005.4 | B50: ED-17905 | C50: ED-49308 | D50: Eletroduto flexível corrugado, PVC, anti-chama, DN 20mm (1/2"), aplicado em alvenaria | E50: M | F50: 10 | G50: 7.48 | H50: =F50*G50 -> 74.8
A51: 005.5 | B51: ED-17905 | C51: ED-50704 | D51: Enchimento de rasgo em alvenaria/concreto com argamassa, diâmetro de 15mm a 25mm (1/2" a 1"), inclsuive argamassa, traço 1:2:8 (cimento, cal e areia), preparo mecânico | E51: M | F51: 10 | G51: 2.13 | H51: =F51*G51 -> 21.3
A52: VALOR TOTAL: | H52: =SUM(H47:H51) -> 261.91
A53: Comp - 006 | B53: =P.O.!D73 -> Protetor clamper slim DPS 275V 15KA - Fornecimento e instalação | G53: UN | H53: =H59 -> 50.78
A54: Item | B54: Referência coeficiente | C54: Referência custo unitário | D54: Descrição do insumo / serviço | E54: Unidade | F54: Coeficiente | G54: Custo unitário (R$) | H54: Custo total (R$)
A56: 006.1 | B56: Cotação | C56: Cotação | D56: =COTAÇÕES!A10 -> Protetor clamper slim DPS 275V 15KA | E56: UN | F56: 1 | G56: =COTAÇÕES!H10 -> 38.52 | H56: =F56*G56 -> 38.52
A57: 006.2 | B57: ED-49281 | C57: ED-50362 | D57: Ajudante de eletricista com encargos complementares | E57: H | F57: 0.3 | G57: 18.25 | H57: =F57*G57 -> 5.48
A58: 006.3 | B58: ED-49281 | C58: ED-50373 | D58: Eletricista com encargos complementares | E58: H | F58: 0.3 | G58: 22.61 | H58: =F58*G58 -> 6.78
A59: VALOR TOTAL: | H59: =SUM(H56:H58) -> 50.78
A60: =P.O.!A75 -> 11 | B60: =P.O.!D75 -> INSTALAÇÕES HIDROSANITÁRIA
A61: Comp - 007 | B61: =P.O.!D76 -> Ponto de embutir para água fria em tubo PVC rígido roscável, DN 1/2" (20mm), embutido na alvenaria com distância de até cinco (5) metros da tomada de água, inclusive conexões e fixação do tubo com enchimento do rasgo na alvenaria/concreto com argamassa | G61: UN | H61: =H67 -> 182.05
A62: Item | B62: Referência coeficiente | C62: Referência custo unitário | D62: Descrição do insumo / serviço | E62: Unidade | F62: Coeficiente | G62: Custo unitário (R$) | H62: Custo total (R$)
A64: 007.1 | B64: ED-50222 | C64: ED-50704 | D64: Enchimento de rasgo em alvenaria/concreto com argamassa, diâmetro de 15mm a 25mm (1/2" a 1"), inclsuive argamassa, traço 1:2:8 (cimento, cal e areia), preparo mecânico | E64: M | F64: 5 | G64: 2.13 | H64: =F64*G64 -> 10.65
A65: 007.2 | B65: ED-50079 | C65: ED-50079 | D65: Fornecimento e assentamento de tubo PVC rígido roscável, água fria, DN 3/4" (25mm), inclusive conexões | E65: M | F65: 5 | G65: 31.42 | H65: =F65*G65 -> 157.1
A66: 007.3 | B66: ED-50222 | C66: ED-50707 | D66: Rasgo em alvenaria para passagem de eletroduto/tubulação, diâmetros de 15mm a 25mm (1/2" a 1"), exclusive enchimento | E66: M | F66: 5 | G66: 2.86 | H66: =F66*G66 -> 14.3
A67: VALOR TOTAL: | H67: =SUM(H64:H66) -> 182.05
A68: =P.O.!A84 -> 12 | B68: =P.O.!D84 -> SERVIÇOS DIVERSOS
A69: Comp - 008 | B69: =P.O.!D91 -> Estrutura em perfil de metalon seção quadrada, para fixação de vidro temperado incolor, fornecimento e instalação | G69: M | H69: =H75 -> 75.57
A70: Item | B70: Referência coeficiente | C70: Referência custo unitário | D70: Descrição do insumo / serviço | E70: Unidade | F70: Coeficiente | G70: Custo unitário (R$) | H70: Custo total (R$)
A72: 008.2 | B72: ED-50908 | C72: ED-21973 | D72: Tubo em metalon galvanizado (formato: retangular/ seção: 30x30mm/ espessura: 1,20mm/ massa linear: 1,09kg/3) | E72: M | F72: 1 | G72: 17.89 | H72: =F72*G72 -> 17.89
A73: 008.3 | B73: ED-50908 | C73: ED-7830 | D73: Serralheiro com encargos complementares | E73: H | F73: 1.5 | G73: 22.24 | H73: =F73*G73 -> 33.36
A74: 008.4 | B74: ED-50908 | C74: ED-50367 | D74: Servente com encargos complementares | E74: H | F74: 1.5 | G74: 16.21 | H74: =F74*G74 -> 24.32
A75: VALOR TOTAL: | H75: =SUM(H72:H74) -> 75.57

Sheet COTAÇÕES
A1: PREFEITURA MUNICIPAL Secretaria de Obras e Serviços Urbanos
A4: =P.O.!A4:I4 -> ANEXO X - OBRA POR EXECUÇÃO INDIRETA
A5: =P.O.!A5:I5 -> Setor requisitante: Secretaria Municipal de Obras e Serviços Urbanos
A6: =P.O.!A6:A6 -> Objeto: | B6: =P.O.!D6 -> Construção de nova cozinha na Fazenda da Vargem em Nova Era/MG | F6: =P.O.!G6:G6 -> BDI: | G6: =P.O.!H6:H6 -> 0.3141 | H6: =P.O.!I6:I6 -> 44818
A8: COTAÇÕES
A9: Descrição de serviço ou fornecimento | G9: Unidade | H9: Custo unitário mínimo
A10: Protetor clamper slim DPS 275V 15KA | G10: Unid | H10: =MIN(H12:H14) -> 38.52
A11: CNPJ | B11: Nome da empresa fornecedora | E11: Telefone | F11: Contato | G11: Data da cotação | H11: Preço cotado (R$)
A12: 19.290.782/0001-79 | B12: Depósito Loanda - Fermac | E12: 31 38611536 | G12: 44797 | H12: 48
A13: 34.901.177/0001-80 | B13: Eletro Souza | E13: 31 971428182 | F13: Maria Luiza | G13: 44797 | H13: 50
B14: Cotta Materiais de Construção | E14: - | G14: 44797 | H14: 38.52
A15: Observações:

Sheet CRONOGRAMA
A1: PREFEITURA MUNICIPAL Secretaria de Obras e Serviços Urbanos
A4: ANEXO XII - OBRA DE EXECUÇÃO INDIRETA
A5: =[2]P.O.!A6 -> Objeto: | B5: =P.O.!D6 -> Construção de nova cozinha na Fazenda da Vargem em Nova Era/MG | K5: BDI: | L5: =BDI!J27 -> 0.3141 | M5: =TODAY() -> 44818
A7: CRONOGRAMA FÍSICO / FINANCEIRO
A8: ITEM | B8: ETAPAS/ DESCRIÇÃO | E8: FÍSICO/ FINANCEIRO | F8: TOTAL ETAPAS | G8: 15 DIAS | H8: 30 DIAS | I8: 45 DIAS | J8: 60 DIAS | K8: 75 DIAS | L8: 90 DIAS | M8: 105 DIAS
A10: =P.O.!A10 -> 1 | B10: =P.O.!D10 -> MOBILIZAÇÃO, DESMOBILIZAÇÃO | E10: Físico % | F10: =SUM(G10:M10) -> 1 | G10: =G11/$F11 -> 0.7 | H10: 0 | I10: =I11/$F11 -> 0.3
E11: Financeiro | F11: =P.O.!I12 -> 269.31 | G11: =P.O.!I12*0.7 -> 188.52 | H11: =$F$19*H10 -> 0 | I11: =P.O.!I11*0.3 -> 80.79 | O11: =F11 -> 269.31 | P11: =SUM(G11:I11) -> 269.31 | Q11: =O11-P11 -> 0
A12: =P.O.!A13 -> 2 | B12: =P.O.!D13 -> CANTEIRO DE OBRAS | E12: Físico % | F12: =SUM(G12:M12) -> 1 | G12: =G13/$F13 -> 1 | H12: =H13/$F13 -> 0 | I12: =I13/$F13 -> 0
E13: Financeiro | F13: =P.O.!I15 -> 1609.37 | G13: =P.O.!I15 -> 1609.37 | O13: =F13 -> 1609.37 | P13: =SUM(G13:I13) -> 1609.37 | Q13: =O13-P13 -> 0
A14: =P.O.!A16 -> 3 | B14: =P.O.!D16 -> ADMINISTRAÇÃO LOCAL | E14: Físico % | F14: 1 | G14: =G15/$F15 -> 0.3333 | H14: =H15/$F15 -> 0.3333 | I14: =I15/$F15 -> 0.3333
E15: Financeiro | F15: =P.O.!I19 -> 13195.25 | G15: =P.O.!I19/3 -> 4398.42 | H15: =P.O.!I19/3 -> 4398.42 | I15: =P.O.!I19/3-0.01 -> 4398.41 | O15: =F15 -> 13195.25 | P15: =SUM(G15:I15) -> 13195.25 | Q15: =O15-P15 -> 0
A16: =P.O.!A20 -> 4 | B16: =P.O.!D20 -> ESTRUTURAS DE CONCRETO | E16: Físico % | F16: =SUM(G16:M16) -> 1 | G16: =G17/$F17 -> 1 | H16: =H17/$F17 -> 0 | I16: =I17/$F17 -> 0
E17: Financeiro | F17: =P.O.!I29 -> 19834.84 | G17: =P.O.!I29 -> 19834.84 | O17: =F17 -> 19834.84 | P17: =SUM(G17:I17) -> 19834.84 | Q17: =O17-P17 -> 0
A18: =P.O.!A30 -> 5 | B18: =P.O.!D30 -> PISO | E18: Físico % | F18: 1 | G18: =G19/$F19 -> 0 | H18: =H19/$F19 -> 1 | I18: =I19/$F19 -> 0
E19: Financeiro | F19: =P.O.!I36 -> 1143.23 | H19: =P.O.!I36 -> 1143.23 | O19: =F19 -> 1143.23 | P19: =SUM(G19:I19) -> 1143.23 | Q19: =O19-P19 -> 0
A20: =P.O.!A37 -> 6 | B20: =P.O.!D37 -> REVESTIMENTOS | E20: Físico % | F20: 1 | G20: =G21/$F21 -> 0 | H20: =H21/$F21 -> 1 | I20: =I21/$F21 -> 0
E21: Financeiro | F21: =P.O.!I43 -> 3438.28 | H21: =P.O.!I43 -> 3438.28 | O21: =F21 -> 3438.28 | P21: =SUM(G21:I21) -> 3438.28 | Q21: =O21-P21 -> 0
A22: =P.O.!A44 -> 7 | B22: =P.O.!D44 -> ESQUADRIAS | E22: Físico % | F22: =SUM(G22:M22) -> 1 | G22: =G23/$F23 -> 0.0773 | H22: =H23/$F23 -> 0.9227 | I22: =I23/$F23 -> 0
E23: Financeiro | F23: =P.O.!I49 -> 3098.51 | G23: =P.O.!I45+P.O.!I46 -> 239.54 | H23: =P.O.!I47+P.O.!I48 -> 2858.97 | O23: =F23 -> 3098.51 | P23: =SUM(G23:I23) -> 3098.51 | Q23: =O23-P23 -> 0
A24: =P.O.!A50 -> 8 | B24: =P.O.!D50 -> COBERTURA | E24: Físico % | F24: =SUM(G24:M24) -> 1 | G24: =G25/$F25 -> 0 | H24: =H25/$F25 -> 0.5 | I24: =I25/$F25 -> 0.5
E25: Financeiro | F25: =P.O.!I55 -> 5114.96 | H25: =P.O.!I55/2 -> 2557.48 | I25: =P.O.!I55/2 -> 2557.48 | O25: =F25 -> 5114.96 | P25: =SUM(G25:I25) -> 5114.96 | Q25: =O25-P25 -> 0
A26: =P.O.!A56 -> 9 | B26: =P.O.!D56 -> PINTURA | E26: Físico % | F26: =SUM(G26:M26) -> 1 | G26: =G27/$F27 -> 0 | H26: =H27/$F27 -> 0.5 | I26: =I27/$F27 -> 0.5
E27: Financeiro | F27: =P.O.!I60 -> 1780.77 | H27: =P.O.!I60/2 -> 890.39 | I27: =P.O.!I60/2-0.001 -> 890.38 | O27: =F27 -> 1780.77 | P27: =SUM(G27:I27) -> 1780.77 | Q27: =O27-P27 -> 0
A28: =P.O.!A61 -> 10 | B28: =P.O.!D61 -> INSTALAÇÕES ELÉTRICAS | E28: Físico % | F28: =SUM(G28:M28) -> 1 | G28: =G29/$F29 -> 0 | H28: =H29/$F29 -> 0.5 | I28: =I29/$F29 -> 0.5
E29: Financeiro | F29: =P.O.!I74 -> 4411.46 | H29: =P.O.!I74/2 -> 2205.73 | I29: =P.O.!I74/2 -> 2205.73 | O29: =F29 -> 4411.46 | P29: =SUM(G29:I29) -> 4411.46 | Q29: =O29-P29 -> 0
A30: =P.O.!A75 -> 11 | B30: =P.O.!D75 -> INSTALAÇÕES HIDROSANITÁRIA | E30: Físico % | F30: =SUM(G30:M30) -> 1 | G30: =G31/$F31 -> 0 | H30: =H31/$F31 -> 0.5 | I30: =I31/$F31 -> 0.5
E31: Financeiro | F31: =P.O.!I83 -> 1172.02 | H31: =P.O.!I83/2 -> 586.01 | I31: =P.O.!I83/2 -> 586.01 | O31: =F31 -> 1172.02 | P31: =SUM(G31:I31) -> 1172.02 | Q31: =O31-P31 -> 0
A32: =P.O.!A84 -> 12 | B32: =P.O.!D84 -> SERVIÇOS DIVERSOS | E32: Físico % | F32: =SUM(G32:M32) -> 1 | G32: =G33/$F33 -> 0 | H32: =H33/$F33 -> 0 | I32: =I33/$F33 -> 1
E33: Financeiro | F33: =P.O.!I92 -> 4960.69 | I33: =P.O.!I92 -> 4960.69 | O33: =F33 -> 4960.69 | P33: =SUM(G33:I33) -> 4960.69 | Q33: =O33-P33 -> 0
A34: TOTAL | E34: Físico % | F34: =SUM(G34:I34) -> 1 | G34: =G35/$F35 -> 0.4376 | H34: =H35/$F35 -> 0.3012 | I34: =I35/$F35 -> 0.2612
E35: Financeiro | F35: =P.O.!I93 -> 60028.69 | G35: =G11+G13+G15+G17+G19+G21+G23+G25+G27+G29+G31+G33 -> 26270.69 | H35: =H11+H13+H15+H17+H19+H21+H23+H25+H27+H29+H31+H33 -> 18078.51 | I35: =I11+I13+I15+I17+I19+I21+I23+I25+I27+I29+I31+I33 -> 15679.49 | O35: =F35 -> 60028.69 | P35: =SUM(G35:I35) -> 60028.69 | Q35: =O35-P35 -> 0

Sheet BDI
A1: PREFEITURA MUNICIPAL Secretaria de Obras e Serviços Urbanos
A4: ='[3]PLANILHA ORÇAMENTÁRIA'!A4 -> OBRA POR EXECUÇÃO INDIRETA
A5: Setor requisitante: Secretaria Municipal de Desenvolvimento Econômico e Social
A6: ='[3]PLANILHA ORÇAMENTÁRIA'!A6 -> Objeto: | B6: =P.O.!D6 -> Construção de nova cozinha na Fazenda da Vargem em Nova Era/MG | J6: =TODAY() -> 44818
A7: BDI
A9: Conforme legislação tributária municipal, definir estimativa de percentual da base de cálculo para o ISS: | I9: 0.9
A10: Sobre a base de cálculo, definir a respectiva alíquota do ISS (entre 2% e 5%): | I10: 0.05
A12: BDI 1
A14: TIPO DE OBRA
A15: Contrução e Reforma de Edifícios
A17: Itens | I17: Siglas | J17: % Adotado
A18: =IF($J$20=$A$168,"Encargos Sociais incidentes sobre a mão de obra","Administração Central") -> Administração Central | I18: AC | J18: 0.04
A19: =IF($J$20=$A$168,"Administração Central da empresa ou consultoria - overhead","Seguro e Garantia") -> Seguro e Garantia | I19: SG | J19: 0.008
A20: =IF($J$20=$A$168,"","Risco") -> Risco | I20: R | J20: 0.0127
A21: =IF($J$20=$A$168,"","Despesas Financeiras") -> Despesas Financeiras | I21: DF | J21: 0.0123
A22: =IF($J$20=$A$168,"Margem bruta da empresa de consultoria","Lucro") -> Lucro | I22: L | J22: 0.069
A23: Tributos (impostos COFINS 3%, e PIS 0,65%) | I23: CP | J23: 0.0365 | L23: =SUM(J18:J23) -> 0.1785
A24: Tributos (ISS, variável de acordo com o município) | I24: ISS | J24: =I10*I9 -> 0.045
A25: Tributos (Contribuição Previdenciária sobre a Receita Bruta - 0% ou 4,5% - Desoneração) | I25: CPRB | J25: 0.045
A26: BDI SEM desoneração (Fórmula Acórdão TCU) | I26: BDI PAD | J26: =(((1+J18+J19+J20)*(1+J21)*(1+J22))/(1-(J23+J24)))-1 -> 0.2497
A27: BDI COM desoneração | I27: BDI DES | J27: =(((1+(J18+J19+J20))*(1+J21)*(1+J22))/(1-(J23+J24+J25)))-1 -> 0.3141
A29: Os valores de BDI foram calculados com o emprego da fórmula: | L29: =(1+J18+J19+J20)*(1+J21)*(1+J22) -> 1.1478 | M29: =(L29/L30)-1 -> 0.314
L30: =(1-J23-J24-J25) -> 0.8735
A35: =CONCATENATE("Declaro para os devidos fins que, conforme legislação tributária municipal, a base de cálculo deste tipo de obra corresponde à ",$I$9*100,"%, com a respectiva alíquota de ",$I$10*100,"%.") -> Declaro para os devidos fins que, conforme legislação tributária municipal, a base de cálculo deste tipo de obra corresponde à 90%, com a respectiva alíquota de 5%.
A39: ="Declaro para os devidos fins que o regime de Contribuição Previdenciária sobre a Receita Bruta adotado para elaboração do orçamento foi COM Desoneração, e que esta é a alternativa mais adequada para a Administração Pública." -> Declaro para os devidos fins que o regime de Contribuição Previdenciária sobre a Receita Bruta adotado para elaboração do orçamento foi COM Desoneração, e que esta é a alternativa mais adequada para a Administração Pública.
A43: Observações:
A65: Contrução e Reforma de Edifícios
